Workbook

Sheet CPOS 176
C2: CPOS - COMPANHIA PAULISTA DE OBRAS E SERVIÇOS
C3: BOLETIM REFERENCIAL DE CUSTOS - TABELA DE SERVIÇOS
C4: COM DESONERAÇÃO (DESONERADO)
G5: VERSÃO 176
G6: Vigência: a partir de 01/07/19
D7: BDI : 0,00 % | G7: L.S.: 96,21 %
A8: Referência | B8: Descrição | D8: Un | E8: Material | F8: Mão de Obra | G8: Custo Total
A9: 01 | B9: SERVIÇO TÉCNICO ESPECIALIZADO
A10: 01.02 | B10: Parecer técnico
A11: 01.02.071 | C11: Parecer técnico de fundações, contenções e recomendações gerais, para empreendimentos com área construída até 1.000 m² | D11: un | E11: 0 | F11: 4023.38 | G11: 4023.38
A12: 01.02.081 | C12: Parecer técnico de fundações, contenções e recomendações gerais, para empreendimentos com área construída de 1.001 a 2.000 m² | D12: un | E12: 0 | F12: 5350.31 | G12: 5350.31
A13: 01.02.091 | C13: Parecer técnico de fundações, contenções e recomendações gerais, para empreendimentos com área construída de 2.001 a 5.000 m² | D13: un | E13: 0 | F13: 9139.52 | G13: 9139.52
A14: 01.02.101 | C14: Parecer técnico de fundações, contenções e recomendações gerais, para empreendimentos com área construída de 5.001 a 10.000 m² | D14: un | E14: 0 | F14: 12531.36 | G14: 12531.36
A15: 01.02.111 | C15: Parecer técnico de fundações, contenções e recomendações gerais, para empreendimentos com área construída acima de 10.000 m² | D15: un | E15: 0 | F15: 14603.35 | G15: 14603.35
A16: 01.06 | B16: Projeto de instalações elétricas
A17: 01.06.021 | C17: Elaboração de projeto de adequação de entrada de energia elétrica junto a concessionária, com medição em baixa tensão e demanda até 75 KVA | D17: un | E17: 0 | F17: 4864.24 | G17: 4864.24
A18: 01.06.031 | C18: Elaboração de projeto de adequação de entrada de energia elétrica junto a concessionária, com medição em média tensão, subestação simplificada e demanda de 75 kVA a 300 kVA | D18: un | E18: 0 | F18: 8225.96 | G18: 8225.96
A19: 01.06.032 | C19: Elaboração de projeto de adequação de entrada de energia elétrica junto a concessionária, com medição em média tensão e demanda de 75 kVA a 300 kVA | D19: un | E19: 0 | F19: 11142.56 | G19: 11142.56
A20: 01.06.041 | C20: Elaboração de projeto de adequação de entrada de energia elétrica junto a concessionária, com medição em média tensão e demanda acima de 300 kVA a 2 MVA | D20: un | E20: 0 | F20: 14828.4 | G20: 14828.4
A21: 01.17 | B21: Projeto executivo
A22: 01.17.031 | C22: Projeto executivo de arquitetura em formato A1 | D22: un | E22: 0 | F22: 2001.29 | G22: 2001.29
A23: 01.17.041 | C23: Projeto executivo de arquitetura em formato A0 | D23: un | E23: 0 | F23: 2711.38 | G23: 2711.38
A24: 01.17.051 | C24: Projeto executivo de estrutura em formato A1 | D24: un | E24: 0 | F24: 1463.54 | G24: 1463.54
A25: 01.17.061 | C25: Projeto executivo de estrutura em formato A0 | D25: un | E25: 0 | F25: 2006.64 | G25: 2006.64
A26: 01.17.071 | C26: Projeto executivo de instalações hidráulicas em formato A1 | D26: un | E26: 0 | F26: 629.5 | G26: 629.5
A27: 01.17.081 | C27: Projeto executivo de instalações hidráulicas em formato A0 | D27: un | E27: 0 | F27: 837.49 | G27: 837.49
A28: 01.17.111 | C28: Projeto executivo de instalações elétricas em formato A1 | D28: un | E28: 0 | F28: 677.73 | G28: 677.73
A29: 01.17.121 | C29: Projeto executivo de instalações elétricas em formato A0 | D29: un | E29: 0 | F29: 935.9 | G29: 935.9
A30: 01.17.151 | C30: Projeto executivo de climatização em formato A1 | D30: un | E30: 0 | F30: 1306.38 | G30: 1306.38
A31: 01.17.161 | C31: Projeto executivo de climatização em formato A0 | D31: un | E31: 0 | F31: 1774.87 | G31: 1774.87
A32: 01.17.171 | C32: Projeto executivo de chuveiros automáticos em formato A1 | D32: un | E32: 0 | F32: 1132.93 | G32: 1132.93
A33: 01.17.181 | C33: Projeto executivo de chuveiros automáticos em formato A0 | D33: un | E33: 0 | F33: 1460.18 | G33: 1460.18
A34: 01.20 | B34: Levantamento topográfico e geofísico
A35: 01.20.010 | C35: Taxa de mobilização e desmobilização de equipamentos para execução de levantamento topográfico | D35: tx | E35: 1158.08 | F35: 0 | G35: 1158.08
A36: 01.20.691 | C36: Levantamento planimétrico cadastral com áreas ocupadas predominantemente por comunidades - área até 20.000 m² (mínimo de 3.500 m²) | D36: m² | E36: 0.32 | F36: 0.35 | G36: 0.67
A37: 01.20.701 | C37: Levantamento planimétrico cadastral com áreas ocupadas predominantemente por comunidades - área acima de 20.000 m² até 200.000 m² | D37: m² | E37: 0.25 | F37: 0.28 | G37: 0.53
A38: 01.20.711 | C38: Levantamento planimétrico cadastral com áreas ocupadas predominantemente por comunidades - área acima de 200.000 m² | D38: m² | E38: 0.2 | F38: 0.23 | G38: 0.43
A39: 01.20.721 | C39: Levantamento planimétrico cadastral com áreas até 50% de ocupação - área até 20.000 m² (mínimo de 3.500 m²) | D39: m² | E39: 0.28 | F39: 0.3 | G39: 0.58
A40: 01.20.731 | C40: Levantamento planimétrico cadastral com áreas até 50% de ocupação - área acima de 20.000 m² até 200.000 m² | D40: m² | E40: 0.13 | F40: 0.33 | G40: 0.46
A41: 01.20.741 | C41: Levantamento planimétrico cadastral com áreas até 50% de ocupação - área acima de 200.000 m² | D41: m² | E41: 0.18 | F41: 0.18 | G41: 0.36
A42: 01.20.751 | C42: Levantamento planimétrico cadastral com áreas acima de 50% de ocupação - área até 20.000 m² (mínimo de 4.000 m²) | D42: m² | E42: 0.25 | F42: 0.28 | G42: 0.53
A43: 01.20.761 | C43: Levantamento planimétrico cadastral com áreas acima de 50% de ocupação - área acima de 20.000 m² até 200.000 m² | D43: m² | E43: 0.21 | F43: 0.24 | G43: 0.45
A44: 01.20.771 | C44: Levantamento planimétrico cadastral com áreas acima de 50% de ocupação - área acima de 200.000 m² | D44: m² | E44: 0.2 | F44: 0.23 | G44: 0.43
A45: 01.20.781 | C45: Levantamento planialtimétrico cadastral com áreas ocupadas predominantemente por comunidades - área até 20.000 m² (mínimo de 3.500 m²) | D45: m² | E45: 0.34 | F45: 0.38 | G45: 0.72
A46: 01.20.791 | C46: Levantamento planialtimétrico cadastral com áreas ocupadas predominantemente por comunidades - área acima de 20.000 m² até 200.000 m² | D46: m² | E46: 0.27 | F46: 0.29 | G46: 0.56
... A59: 01.20.921 | C59: Implantação de marcos atraves de levantamento com GPS (mínimo de 3 marcos) | D59: un | E59: 578.48 | F59: 307.16 | G59: 885.64
A60: 01.21 | B60: Estudo geotécnico (sondagem)
A61: 01.21.010 | C61: Taxa de mobilização e desmobilização de equipamentos para execução de sondagem | D61: tx | E61: 971.46 | F61: 0 | G61: 971.46
A62: 01.21.090 | C62: Taxa de mobilização e desmobilização de equipamentos para execução de sondagem rotativa | D62: tx | E62: 4622.49 | F62: 0 | G62: 4622.49
A63: 01.21.100 | C63: Sondagem do terreno a trado | D63: m | E63: 85.79 | F63: 0 | G63: 85.79
A64: 01.21.110 | C64: Sondagem do terreno à percussão (mínimo de 30 m) | D64: m | E64: 102.01 | F64: 0 | G64: 102.01
A65: 01.21.120 | C65: Sondagem do terreno rotativa em solo | D65: m | E65: 313.46 | F65: 0 | G65: 313.46
A66: 01.21.130 | C66: Sondagem do terreno rotativa em rocha | D66: m | E66: 1052.15 | F66: 0 | G66: 1052.15
A67: 01.21.140 | C67: Sondagem do terreno à percussão com a utilização de torquímetro (mínimo de 30 m) | D67: m | E67: 99.08 | F67: 0 | G67: 99.08
A68: 01.23 | B68: Tratamento, recuperação e trabalhos especiais em concreto
A69: 01.23.010 | C69: Taxa de mobilização e desmobilização de equipamentos para execução de corte em concreto armado | D69: tx | E69: 360.24 | F69: 0 | G69: 360.24
A70: 01.23.020 | C70: Limpeza de armadura com escova de aço | D70: m² | E70: 1.9 | F70: 4.05 | G70: 5.95
A71: 01.23.030 | C71: Preparo de ponte de aderência com adesivo a base de epóxi | D71: m² | E71: 85.5 | F71: 29.92 | G71: 115.42
A72: 01.23.040 | C72: Tratamento de armadura com produto anticorrosivo a base de zinco | D72: m² | E72: 13.24 | F72: 26.17 | G72: 39.41
A73: 01.23.060 | C73: Corte de concreto deteriorado inclusive remoção dos detritos | D73: m² | E73: 0 | F73: 20.25 | G73: 20.25
A74: 01.23.070 | C74: Demarcação de área com disco de corte diamantado | D74: m | E74: 0.67 | F74: 3 | G74: 3.67
A75: 01.23.100 | C75: Demolição de concreto armado com preservação de armadura, para reforço e recuperação estrutural | D75: m³ | E75: 0 | F75: 305.64 | G75: 305.64
A76: 01.23.140 | C76: Furação de 1 1/4" em concreto armado | D76: m | E76: 165.01 | F76: 0 | G76: 165.01
A77: 01.23.150 | C77: Furação de 1 1/2" em concreto armado | D77: m | E77: 164.97 | F77: 0 | G77: 164.97
A78: 01.23.160 | C78: Furação de 2 1/4" em concreto armado | D78: m | E78: 196.99 | F78: 0 | G78: 196.99
A79: 01.23.190 | C79: Furação de 2 1/2" em concreto armado | D79: m | E79: 194.68 | F79: 0 | G79: 194.68
A80: 01.23.200 | C80: Taxa de mobilização e desmobilização de equipamentos para execução de perfuração em concreto | D80: tx | E80: 158.15 | F80: 0 | G80: 158.15
... A101: 01.23.702 | C101: Fibra de carbono para reforço estrutural de alta resistencia - 300 g/m² | D101: m² | E101: 275.96 | F101: 207.52 | G101: 483.48
A102: 01.27 | B102: Estudo e programa ambientais
A103: 01.27.011 | C103: Projeto e implementação de gerenciamento integrado de resíduos sólidos e gestão de perdas | D103: un | E103: 144.95 | F103: 5862.4 | G103: 6007.35
A104: 01.27.021 | C104: Projeto e implementação de educação ambiental | D104: un | E104: 144.95 | F104: 7731.21 | G104: 7876.16
A105: 01.27.031 | C105: Projeto e implementação de controle ambiental da obra | D105: un | E105: 144.95 | F105: 6780.75 | G105: 6925.7
A106: 01.27.041 | C106: Laudo de caracterização de vegetação | D106: un | E106: 417.95 | F106: 16340.16 | G106: 16758.11
A107: 01.27.051 | C107: Laudo de caracterização da fauna associada à flora | D107: un | E107: 417.95 | F107: 25045.93 | G107: 25463.88
A108: 01.27.061 | C108: Projeto e implementação de monitoramento da fauna durante a obra | D108: un | E108: 417.95 | F108: 9831.89 | G108: 10249.84
A109: 01.27.071 | C109: Laudo de autodepuração | D109: un | E109: 339.95 | F109: 11776.99 | G109: 12116.94
A110: 01.27.091 | C110: Estudo de impacto de vizinhança, em área urbana até 10.000 m² | D110: un | E110: 207.35 | F110: 19058.57 | G110: 19265.92
A111: 01.28 | B111: Poço profundo
A112: 01.28.010 | C112: Taxa de mobilização e desmobilização de equipamentos para execução de perfuração para poço profundo - profundidade até 200 m | D112: tx | E112: 7499.51 | F112: 0 | G112: 7499.51
A113: 01.28.020 | C113: Taxa de mobilização e desmobilização de equipamentos para execução de perfuração para poço profundo - profundidade acima de 200 m e até 300 m | D113: tx | E113: 10648.21 | F113: 0 | G113: 10648.21
A114: 01.28.030 | C114: Taxa de mobilização e desmobilização de equipamentos para execução de perfuração para poço profundo - profundidade acima de 300 m | D114: tx | E114: 14572.99 | F114: 0 | G114: 14572.99
A115: 01.28.040 | C115: Perfuração rotativa para poço profundo em camadas de solos sedimentares, diâmetro de 8 1/2" (215,90 mm) | D115: m | E115: 372.07 | F115: 0 | G115: 372.07
A116: 01.28.050 | C116: Perfuração rotativa para poço profundo em aluvião, arenito, ou solos sedimentados em geral, diâmetro de 10" (250 mm) | D116: m | E116: 405.53 | F116: 0 | G116: 405.53
A117: 01.28.060 | C117: Perfuração rotativa para poço profundo em aluvião, arenito, ou solos sedimentados em geral, diâmetro de 12" (300 mm) | D117: m | E117: 513.05 | F117: 0 | G117: 513.05
A118: 01.28.070 | C118: Perfuração rotativa para poço profundo em aluvião, arenito, ou solos sedimentados em geral, diâmetro de 14" (350 mm) | D118: m | E118: 756.5 | F118: 0 | G118: 756.5
A119: 01.28.080 | C119: Perfuração rotativa para poço profundo em aluvião, arenito, ou solos sedimentados em geral, diâmetro de 16" (400 mm) | D119: m | E119: 917 | F119: 0 | G119: 917
A120: 01.28.090 | C120: Perfuração rotativa para poço profundo em aluvião, arenito, ou solos sedimentados em geral, diâmetro de 18" (450 mm) | D120: m | E120: 1129.47 | F120: 0 | G120: 1129.47
A121: 01.28.100 | C121: Perfuração rotativa para poço profundo em aluvião, arenito, ou solos sedimentados em geral, diâmetro de 20" (500 mm) | D121: m | E121: 1214.12 | F121: 0 | G121: 1214.12
A122: 01.28.110 | C122: Perfuração rotativa para poço profundo em aluvião, arenito, ou solos sedimentados em geral, diâmetro de 22" (550 mm) | D122: m | E122: 1439.97 | F122: 0 | G122: 1439.97
A123: 01.28.120 | C123: Perfuração rotativa para poço profundo em aluvião, arenito, ou solos sedimentados em geral, diâmetro de 26" (650 mm) | D123: m | E123: 1881.38 | F123: 0 | G123: 1881.38
... A170: 01.28.620 | C170: Parecer técnico junto a CETESB | D170: un | E170: 3830.17 | F170: 0 | G170: 3830.17
A171: 02 | B171: INÍCIO, APOIO E ADMINISTRAÇÃO DA OBRA
A172: 02.01 | B172: Construção provisória
A173: 02.01.021 | C173: Construção provisória em madeira - fornecimento e montagem | D173: m² | E173: 200.19 | F173: 84.72 | G173: 284.91
A174: 02.01.171 | C174: Sanitário/vestiário provisório em alvenaria | D174: m² | E174: 352.23 | F174: 216.6 | G174: 568.83
A175: 02.01.180 | C175: Banheiro químico modelo Standard, com manutenção conforme exigências da CETESB | D175: unxmês | E175: 562.86 | F175: 0 | G175: 562.86
A176: 02.01.200 | C176: Desmobilização de construção provisória | D176: m² | E176: 9.2 | F176: 4.75 | G176: 13.95
A177: 02.02 | B177: Container
A178: 02.02.120 | C178: Locação de container tipo alojamento - área mínima de 13,80 m² | D178: unxmês | E178: 430.56 | F178: 55.12 | G178: 485.68
A179: 02.02.130 | C179: Locação de container tipo escritório com 1 vaso sanitário, 1 lavatório e 1 ponto para chuveiro - área mínima de 13,80 m² | D179: unxmês | E179: 542.22 | F179: 92.42 | G179: 634.64
...

Sheet Orcamento-base
A1: Prefeitura do Município de Amparo Secretaria Municipal de Desenvolvimento Urbano Planilha orçamentária
A2: Obra: | B2: PARQUE MUNICIPAL DE AMPARO - 4ª ETAPA
A3: Local: | B3: SP 360 KM 130
A4: Data: | B4: 43440
B5: BOLETIM REFERENCIAL DE CUSTOS - TABELA DE SERVIÇOS - CPOS 176 | E5: SINAPI 26/11/2018 | H5: BDI 25 %
B6: COM DESONERAÇÃO | D6: Vigência: a partir de 01/07/2019 L. S.: 96,21% | E6: DER 30/09/2018
A7: ITEM | B7: FONTE | C7: CÓDIGO | D7: DESCRIÇÃO | E7: UNID. | F7: QUANT. | G7: VALOR UNIT. | H7: TOTAL | I7: Memoria de Cálculo
A8: 1 | D8: SERVIÇOS PRELIMINARES E MOBILIZAÇÃO | H8: =SUBTOTAL(9,H9:H10) -> 9972 | K8: =SUBTOTAL(9,K9:K10) -> 12465 | L8: =K8+K15+K26+K58+K64+K91+K98 -> 1441265.9
A9: 1.1 | B9: CPOS | C9: 02.08.020 | D9: =IF($B9="","",VLOOKUP($C9,'CPOS 176'!$A$17:$AC$10838,3,0)) -> Placa de identificação para obra | E9: =IF($B9="","",VLOOKUP($C9,'CPOS 176'!$A$1:$AC$10838,4,0)) -> m² | F9: 6 | G9: =IF($B9="","",VLOOKUP($C9,'CPOS 176'!$A$17:$AC$10840,7,0)) -> 392.72 | H9: =ROUND(F9*G9,2) -> 2356.32 | I9: 3*2 | K9: =H9*1.25 -> 2945.4 | L9: =L8-H197 -> -43019.962
A10: 1.2 | B10: CPOS | C10: 02.02.130 | D10: =IF($B10="","",VLOOKUP($C10,'CPOS 176'!$A$17:$AC$10838,3,0)) -> Locação de container tipo escritório com 1 vaso sanitário, 1 lavatório e 1 ponto para chuveiro - área mínima de 13,80 m² | E10: =IF($B10="","",VLOOKUP($C10,'CPOS 176'!$A$1:$AC$10838,4,0)) -> unxmês | F10: 12 | G10: =IF($B10="","",VLOOKUP($C10,'CPOS 176'!$A$17:$AC$10840,7,0)) -> 634.64 | H10: =ROUND(F10*G10,2) -> 7615.68 | I10: 12*1 | K10: =H10*1.25 -> 9519.6
A11: 2 | D11: LIMPEZA | H11: =SUBTOTAL(9,H12:H14) -> 34415.97 | K11: =SUBTOTAL(9,K12:K14) -> 43019.963
A12: 2.1 | B12: CPOS | C12: 03.02.040 | D12: =IF($B12="","",VLOOKUP($C12,'CPOS 176'!$A$17:$AC$10838,3,0)) -> Demolição manual de alvenaria de elevação ou elemento vazado, incluindo revestimento | E12: =IF($B12="","",VLOOKUP($C12,'CPOS 176'!$A$1:$AC$10838,4,0)) -> m³ | F12: 8 | G12: =IF($B12="","",VLOOKUP($C12,'CPOS 176'!$A$17:$AC$10840,7,0)) -> 54 | H12: =ROUND(F12*G12,2) -> 432 | I12: 17,78 * 0,15 * 3,00 | K12: =H12*1.25 -> 540
A13: 2.2 | B13: CPOS | C13: 02.09.130 | D13: =IF($B13="","",VLOOKUP($C13,'CPOS 176'!$A$17:$AC$10838,3,0)) -> Limpeza mecanizada do terreno, inclusive troncos com diâmetro acima de 15 cm até 50 cm, com caminhão à disposição dentro da obra, até o raio de 1 km | E13: =IF($B13="","",VLOOKUP($C13,'CPOS 176'!$A$1:$AC$10838,4,0)) -> m² | F13: 13000 | G13: =IF($B13="","",VLOOKUP($C13,'CPOS 176'!$A$17:$AC$10840,7,0)) -> 2.41 | H13: =ROUND(F13*G13,2) -> 31330 | I13: área de projeto correpondente as 2 lagoas e pavimentação | K13: =H13*1.25 -> 39162.5
A14: 2.3 | B14: DER | C14: 24.02.04.99 | D14: CORTA-RIO ESCAVACAO SEM EXPLOSIVO | E14: M3 | F14: =230*1.1*1 -> 253 | G14: 10.49 | H14: =ROUND(F14*G14,2) -> 2653.97 | I14: 230,00 metros x (1,20 + 1,10 ) / 2 x 1,00 | K14: =H14*1.25 -> 3317.4625
A15: 3 | D15: ENSAIOS DE SOLO | E15: =IF($B15="","",VLOOKUP($C15,#REF!,4,0)) | G15: =IF($B15="","",VLOOKUP($C15,#REF!,7,0)) | H15: =SUBTOTAL(9,H16:H25) -> 8953.48 | K15: =SUBTOTAL(9,K16:K25) -> 11191.85
A16: 3.1 | B16: CPOS | C16: 01.21.010 | D16: =IF($B16="","",VLOOKUP($C16,'CPOS 176'!$A$17:$AC$10838,3,0)) -> Taxa de mobilização e desmobilização de equipamentos para execução de sondagem | E16: =IF($B16="","",VLOOKUP($C16,'CPOS 176'!$A$1:$AC$10838,4,0)) -> tx | F16: 1 | G16: =IF($B16="","",VLOOKUP($C16,'CPOS 176'!$A$17:$AC$10840,7,0)) -> 971.46 | H16: =ROUND(F16*G16,2) -> 971.46 | K16: =H16*1.25 -> 1214.325
A17: 3.2 | B17: CPOS | C17: 01.21.110 | D17: =IF($B17="","",VLOOKUP($C17,'CPOS 176'!$A$17:$AC$10838,3,0)) -> Sondagem do terreno à percussão (mínimo de 30 m) | E17: =IF($B17="","",VLOOKUP($C17,'CPOS 176'!$A$1:$AC$10838,4,0)) -> m | F17: 40 | G17: =IF($B17="","",VLOOKUP($C17,'CPOS 176'!$A$17:$AC$10840,7,0)) -> 102.01 | H17: =ROUND(F17*G17,2) -> 4080.4 | K17: =H17*1.25 -> 5100.5
A18: 3.3 | B18: CPOS | C18: 01.21.100 | D18: =IF($B18="","",VLOOKUP($C18,'CPOS 176'!$A$17:$AC$10838,3,0)) -> Sondagem do terreno a trado | E18: =IF($B18="","",VLOOKUP($C18,'CPOS 176'!$A$1:$AC$10838,4,0)) -> m | F18: 6 | G18: =IF($B18="","",VLOOKUP($C18,'CPOS 176'!$A$17:$AC$10840,7,0)) -> 85.79 | H18: =ROUND(F18*G18,2) -> 514.74 | K18: =H18*1.25 -> 643.425
A19: 3.4 | B19: SINAPI | C19: 74022/7 | D19: ENSAIO DE GRANULOMETRIA POR PENEIRAMENTO E SEDIMENTACAO - SOLOS | E19: ENSAIO | F19: =$F$18 -> 6 | G19: 157.73 | H19: =ROUND(F19*G19,2) -> 946.38 | I19: ensaios para pontos determinados após s escavações | K19: =H19*1.25 -> 1182.975
A20: 3.5 | B20: SINAPI | C20: 74022/24 | D20: ENSAIO DE TEOR DE UMIDADE - EM LABORATORIO - SOLOS | E20: ENSAIO | F20: =$F$18 -> 6 | G20: 66.41 | H20: =ROUND(F20*G20,2) -> 398.46 | I20: ensaios para pontos determinados após s escavações | K20: =H20*1.25 -> 498.075
A21: 3.6 | B21: SINAPI | C21: 74022/8 | D21: ENSAIO DE LIMITE DE LIQUIDEZ - SOLOS | E21: ENSAIO | F21: =$F$18 -> 6 | G21: 83.02 | H21: =ROUND(F21*G21,2) -> 498.12 | I21: ensaios para pontos determinados após s escavações | K21: =H21*1.25 -> 622.65
A22: 3.7 | B22: SINAPI | C22: 74022/9 | D22: ENSAIO DE LIMITE DE PLASTICIDADE - SOLOS | E22: ENSAIO | F22: =$F$18 -> 6 | G22: 74.71 | H22: =ROUND(F22*G22,2) -> 448.26 | I22: ensaios para pontos determinados após s escavações | K22: =H22*1.25 -> 560.325
A23: 3.8 | B23: SINAPI | C23: 74022/16 | D23: ENSAIO DE DENSIDADE REAL - SOLOS | E23: UN | F23: =$F$18 -> 6 | G23: 74.71 | H23: =ROUND(F23*G23,2) -> 448.26 | I23: ensaios para pontos determinados após s escavações | K23: =H23*1.25 -> 560.325
A24: 3.9 | B24: SINAPI | C24: 74022/23 | D24: ENSAIO DE TEOR DE UMIDADE - PROCESSO SPEEDY - SOLOS E AGREGADOS MIUDOS | E24: UN | F24: =$F$18 -> 6 | G24: 49.8 | H24: =ROUND(F24*G24,2) -> 298.8 | I24: ensaios para pontos determinados após s escavações | K24: =H24*1.25 -> 373.5
A25: 3.10 | B25: SINAPI | C25: 74022/14 | D25: ENSAIO DE MASSA ESPECIFICA - IN SITU - METODO FRASCO DE AREIA - SOLOS | E25: UN | F25: =$F$18 -> 6 | G25: 58.1 | H25: =ROUND(F25*G25,2) -> 348.6 | I25: ensaios necessários na barragem após execução | K25: =H25*1.25 -> 435.75
A26: 4 | D26: PRIMEIRA LAGOA | H26: =SUBTOTAL(9,H27:H57) -> 227380.25 | K26: =SUBTOTAL(9,K27:K57) -> 284225.31
A27: 4.1 | D27: ABERTURA | K27: =H27*1.25 -> 0
A28: 4.1.1 | B28: CPOS | C28: 02.10.060 | D28: =IF($B28="","",VLOOKUP($C28,'CPOS 176'!$A$17:$AC$10838,3,0)) -> Locação de vias, calçadas, tanques e lagoas | E28: =IF($B28="","",VLOOKUP($C28,'CPOS 176'!$A$1:$AC$10838,4,0)) -> m² | F28: 3115.4 | G28: =IF($B28="","",VLOOKUP($C28,'CPOS 176'!$A$17:$AC$10840,7,0)) -> 1.08 | H28: =ROUND(F28*G28,2) -> 3364.63 | I28: Área de projeto anexo 5 na cota 839,00 m | K28: =H28*1.25 -> 4205.7875
A29: 4.1.2 | B29: CPOS | C29: 07.05.020 | D29: =IF($B29="","",VLOOKUP($C29,'CPOS 176'!$A$17:$AC$10838,3,0)) -> Escavação e carga mecanizada em solo vegetal superficial | E29: =IF($B29="","",VLOOKUP($C29,'CPOS 176'!$A$1:$AC$10838,4,0)) -> m³ | F29: =F28*0.1 -> 311.54 | G29: =IF($B29="","",VLOOKUP($C29,'CPOS 176'!$A$17:$AC$10840,7,0)) -> 21.31 | H29: =ROUND(F29*G29,2) -> 6638.92 | I29: Área de projeto anexo 5 na cota 839,00 m x 0,10 m | K29: =H29*1.25 -> 8298.65
A30: 4.1.5 | B30: CPOS | C30: 07.01.020 | D30: =IF($B30="","",VLOOKUP($C30,'CPOS 176'!$A$17:$AC$10838,3,0)) -> Escavação e carga mecanizada em solo de 1ª categoria, em campo aberto | E30: =IF($B30="","",VLOOKUP($C30,'CPOS 176'!$A$1:$AC$10838,4,0)) -> m³ | F30: 4363.2 | G30: =IF($B30="","",VLOOKUP($C30,'CPOS 176'!$A$17:$AC$10840,7,0)) -> 8.79 | H30: =ROUND(F30*G30,2) -> 38352.53 | I30: Projeto complementar de movimentação de solo | K30: =H30*1.25 -> 47940.662
A31: 4.1.6 | B31: CPOS | C31: 05.10.020 | D31: =IF($B31="","",VLOOKUP($C31,'CPOS 176'!$A$17:$AC$10838,3,0)) -> Transporte de solo de 1ª e 2ª categoria por caminhão até o 2° km | E31: =IF($B31="","",VLOOKUP($C31,'CPOS 176'!$A$1:$AC$10838,4,0)) -> m³ | F31: =F30*1.3 -> 5672.16 | G31: =IF($B31="","",VLOOKUP($C31,'CPOS 176'!$A$17:$AC$10840,7,0)) -> 4.68 | H31: =ROUND(F31*G31,2) -> 26545.71 | I31: Volume escavado + 30 % | K31: =H31*1.25 -> 33182.137
A32: 4.2 | D32: BARRAGEM | E32: =IF($B32="","",VLOOKUP($C32,'CPOS 176'!$A$1:$AC$10838,4,0)) | G32: =IF($B32="","",VLOOKUP($C32,'CPOS 176'!$A$17:$AC$10840,7,0)) | K32: =H32*1.25 -> 0
A33: 4.2.1 | B33: CPOS | C33: 03.01.040 | D33: =IF($B33="","",VLOOKUP($C33,'CPOS 176'!$A$17:$AC$10838,3,0)) -> Demolição manual de concreto armado | E33: =IF($B33="","",VLOOKUP($C33,'CPOS 176'!$A$1:$AC$10838,4,0)) -> m³ | F33: =3.8*1.05*0.4+0.4^3+0.25*0.25*0.4 -> 1.685 | G33: =IF($B33="","",VLOOKUP($C33,'CPOS 176'!$A$17:$AC$10840,7,0)) -> 270 | H33: =ROUND(F33*G33,2) -> 454.95 | I33: extravasor 3,80 x 1,05 x 0,40 m + passagem tubo de 40 mm= 0,40 x 0,40 x 0,40 m + passagem tubo de 25 mm = 0,25 x 0,25 x 0,40 m | K33: =H33*1.25 -> 568.6875
A34: 4.2.2 | B34: CPOS | C34: 07.02.020 | D34: =IF($B34="","",VLOOKUP($C34,'CPOS 176'!$A$17:$AC$10838,3,0)) -> Escavação mecanizada de valas ou cavas com profundidade de até 2 m | E34: =IF($B34="","",VLOOKUP($C34,'CPOS 176'!$A$1:$AC$10838,4,0)) -> m³ | F34: =(2.5*1+(1.32+0.5)/2)*47.46 -> 161.8386 | G34: =IF($B34="","",VLOOKUP($C34,'CPOS 176'!$A$17:$AC$10840,7,0)) -> 6.56 | H34: =ROUND(F34*G34,2) -> 1061.66 | I34: fundação da barragem 2,50 m x 1,00 x 47,46 m + dreno = (1,32 m + 0,50 m) / 2 x 1,00 m x 47,46 m | K34: =H34*1.25 -> 1327.075
A35: 4.2.3 | B35: CPOS | C35: 07.01.010 | D35: =IF($B35="","",VLOOKUP($C35,'CPOS 176'!$A$17:$AC$10838,3,0)) -> Escavação e carga mecanizada para exploração de solo em jazida | E35: =IF($B35="","",VLOOKUP($C35,'CPOS 176'!$A$1:$AC$10838,4,0)) -> m³ | F35: =(6*3/2+3.2*3+9*3/2+2.5*1)*47.46*1.3 -> 2134.7508 | G35: =IF($B35="","",VLOOKUP($C35,'CPOS 176'!$A$17:$AC$10840,7,0)) -> 8.55 | H35: =ROUND(F35*G35,2) -> 18252.12 | I35: Talude jusante = 6,00 x 3,00 / 2 x 47,46 m +30 %+ Crista = 3,20 x 3,00 m x 47,46 m + 30 % + Talude montante = 9,00 x 3,00 / 2 x 47,46 m + 30%+ Cut off = 2,50 x 1,00 x 47,46 m + 30 % | K35: =H35*1.25 -> 22815.15
A36: 4.2.4 | B36: CPOS | C36: 05.10.020 | D36: =IF($B36="","",VLOOKUP($C36,'CPOS 176'!$A$17:$AC$10838,3,0)) -> Transporte de solo de 1ª e 2ª categoria por caminhão até o 2° km | E36: =IF($B36="","",VLOOKUP($C36,'CPOS 176'!$A$1:$AC$10838,4,0)) -> m³ | F36: =F35 -> 2134.7508 | G36: =IF($B36="","",VLOOKUP($C36,'CPOS 176'!$A$17:$AC$10840,7,0)) -> 4.68 | H36: =ROUND(F36*G36,2) -> 9990.63 | I36: iten 4.2.3 | K36: =H36*1.25 -> 12488.287
A37: 4.2.5 | B37: CPOS | C37: 07.12.030 | D37: =IF($B37="","",VLOOKUP($C37,'CPOS 176'!$A$17:$AC$10838,3,0)) -> Compactação de aterro mecanizado a 100% PN, sem fornecimento de solo em campo aberto | E37: =IF($B37="","",VLOOKUP($C37,'CPOS 176'!$A$1:$AC$10838,4,0)) -> m³ | F37: =(6*3/2+3.2*3+9*3/2+2.5*1)*47.46 -> 1642.116 | G37: =IF($B37="","",VLOOKUP($C37,'CPOS 176'!$A$17:$AC$10840,7,0)) -> 6.71 | H37: =ROUND(F37*G37,2) -> 11018.6 | I37: Talude jusante = 6,00 x 3,00 / 2 x 47,46 m + Crista = 3,20 x 3,00 m x 47,46 m + Talude montante = 9,00 x 3,00 / 2 x 47,46 m + Cut off = 2,50 x 1,00 x 47,46 m + | K37: =H37*1.25 -> 13773.25
A38: 4.2.6 | B38: CPOS | C38: 09.01.020 | D38: =IF($B38="","",VLOOKUP($C38,'CPOS 176'!$A$17:$AC$10838,3,0)) -> Forma em madeira comum para fundação | E38: =IF($B38="","",VLOOKUP($C38,'CPOS 176'!$A$1:$AC$10838,4,0)) -> m² | F38: =1.2*2.78*3+27.77+22.93+1.7*1.75+2.4*1.7 -> 67.763 | G38: =IF($B38="","",VLOOKUP($C38,'CPOS 176'!$A$17:$AC$10840,7,0)) -> 59.86 | H38: =ROUND(F38*G38,2) -> 4056.29 | I38: Piso 1,20 x 2,78 x 3 + Parede (27,77 m² +22,93 m²) + Turbina 1,70 x 1,75 + 2,40 x 1,70 m | K38: =H38*1.25 -> 5070.3625
A39: 4.2.7 | B39: CPOS | C39: 10.01.040 | D39: =IF($B39="","",VLOOKUP($C39,'CPOS 176'!$A$17:$AC$10838,3,0)) -> Armadura em barra de aço CA-50 (A ou B) fyk = 500 MPa | E39: =IF($B39="","",VLOOKUP($C39,'CPOS 176'!$A$1:$AC$10838,4,0)) -> kg | F39: =F40*90 -> 2130.3684 | G39: =IF($B39="","",VLOOKUP($C39,'CPOS 176'!$A$17:$AC$10840,7,0)) -> 6.56 | H39: =ROUND(F39*G39,2) -> 13975.22 | I39: 90 kg/m³ | K39: =H39*1.25 -> 17469.025
A40: 4.2.8 | B40: CPOS | C40: 11.01.100 | D40: =IF($B40="","",VLOOKUP($C40,'CPOS 176'!$A$17:$AC$10838,3,0)) -> Concreto usinado, fck = 20 MPa | E40: =IF($B40="","",VLOOKUP($C40,'CPOS 176'!$A$1:$AC$10838,4,0)) -> m³ | F40: =(16.86*2.78+1.2*2.78*3+27.77+22.93+1.7*1.75+2.4*1.7+1.55*2.4)*0.2 -> 23.67076 | G40: =IF($B40="","",VLOOKUP($C40,'CPOS 176'!$A$17:$AC$10840,7,0)) -> 268.64 | H40: =ROUND(F40*G40,2) -> 6358.91 | I40: Piso (16,86 x 2,78 + 1,20 x 2,78 x 3) x 0,20 + Parede (27,77 m² +22,93 m²) x 0,20 + Turbina (1,70 x 1,75 + 2,40 x 1,70 m + 1,55 x 2,40) x 0,20 | J40: =(2.4*3 +1.2*3+9.6)*2.78 -> 56.712 | K40: =H40*1.25 -> 7948.6375
A41: 4.2.9 | B41: CPOS | C41: 11.16.040 | D41: =IF($B41="","",VLOOKUP($C41,'CPOS 176'!$A$17:$AC$10838,3,0)) -> Lançamento e adensamento de concreto ou massa em fundação | E41: =IF($B41="","",VLOOKUP($C41,'CPOS 176'!$A$1:$AC$10838,4,0)) -> m³ | F41: =F40 -> 23.67076 | G41: =IF($B41="","",VLOOKUP($C41,'CPOS 176'!$A$17:$AC$10840,7,0)) -> 113.84 | H41: =ROUND(F41*G41,2) -> 2694.68 | I41: 56,71*2,20 | K41: =H41*1.25 -> 3368.35
A42: 4.2.10 | B42: CPOS | C42: 08.06.040 | D42: =IF($B42="","",VLOOKUP($C42,'CPOS 176'!$A$17:$AC$10838,3,0)) -> Barbacã em tubo de PVC com diâmetro 50 mm | E42: =IF($B42="","",VLOOKUP($C42,'CPOS 176'!$A$1:$AC$10838,4,0)) -> m | F42: =0.2*3*3 -> 1.8 | G42: =IF($B42="","",VLOOKUP($C42,'CPOS 176'!$A$17:$AC$10840,7,0)) -> 17.8 | H42: =ROUND(F42*G42,2) -> 32.04 | I42: 0,20 m x 3 un/degrau x 3 degraus | K42: =H42*1.25 -> 40.05
A43: 4.2.11 | B43: CPOS | C43: 08.05.100 | D43: =IF($B43="","",VLOOKUP($C43,'CPOS 176'!$A$17:$AC$10838,3,0)) -> Dreno com pedra britada | E43: =IF($B43="","",VLOOKUP($C43,'CPOS 176'!$A$1:$AC$10838,4,0)) -> m³ | F43: =(1.32+0.5)/2*47.46 -> 43.1886 | G43: =IF($B43="","",VLOOKUP($C43,'CPOS 176'!$A$17:$AC$10840,7,0)) -> 91.87 | H43: =ROUND(F43*G43,2) -> 3967.74 | I43: Dreno de pé = (1,32 + 0,50)/2 x 47,46 m | J43: =1.32*1*47.46 -> 62.6472 | K43: =H43*1.25 -> 4959.675
A44: 4.2.12 | B44: CPOS | C44: 08.05.190 | D44: =IF($B44="","",VLOOKUP($C44,'CPOS 176'!$A$17:$AC$10838,3,0)) -> Manta geotêxtil com resistência à tração longitudinal de 16kN/m e transversal de 14kN/m | E44: =IF($B44="","",VLOOKUP($C44,'CPOS 176'!$A$1:$AC$10838,4,0)) -> m² | F44: =(0.5+1.1*2+1.32+0.2)*47.46 -> 200.2812 | G44: =IF($B44="","",VLOOKUP($C44,'CPOS 176'!$A$17:$AC$10840,7,0)) -> 13.36 | H44: =ROUND(F44*G44,2) -> 2675.76 | I44: Revestir dreno de pé = (0,50 + 1,10 x 2 +1,32 + 0,20) x 47,46 m | K44: =H44*1.25 -> 3344.7
A45: 4.2.13 | B45: CPOS | C45: 46.03.060 | D45: =IF($B45="","",VLOOKUP($C45,'CPOS 176'!$A$17:$AC$10838,3,0)) -> Tubo de PVC rígido PxB com virola e anel de borracha, linha esgoto série reforçada ´R´. DN= 150 mm, inclusive conexões | E45: =IF($B45="","",VLOOKUP($C45,'CPOS 176'!$A$1:$AC$10838,4,0)) -> m | F45: 18.44 | G45: =IF($B45="","",VLOOKUP($C45,'CPOS 176'!$A$17:$AC$10840,7,0)) -> 105.44 | H45: =ROUND(F45*G45,2) -> 1944.31 | I45: Tubo roda d'água conforme projeto | K45: =H45*1.25 -> 2430.3875
A46: 4.3 | D46: ACABAMENTO MARGEM LAGOA | E46: =IF($B46="","",VLOOKUP($C46,'CPOS 176'!$A$1:$AC$10838,4,0)) | G46: =IF($B46="","",VLOOKUP($C46,'CPOS 176'!$A$17:$AC$10840,7,0)) | K46: =H46*1.25 -> 0
A47: 4.3.1 | B47: CPOS | C47: 08.10.108 | D47: =IF($B47="","",VLOOKUP($C47,'CPOS 176'!$A$17:$AC$10838,3,0)) -> Gabião tipo caixa em tela metálica, altura de 0,5 m, com revestimento liga zinco/alumínio, malha hexagonal 8/10 cm, fio diâmetro 2,7 mm, independente do formato ou utilização | E47: =IF($B47="","",VLOOKUP($C47,'CPOS 176'!$A$1:$AC$10838,4,0)) -> m³ | F47: =222.3*0.5*1 -> 111.15 | G47: =IF($B47="","",VLOOKUP($C47,'CPOS 176'!$A$17:$AC$10840,7,0)) -> 550.54 | H47: =ROUND(F47*G47,2) -> 61192.52 | I47: perimetro da lagoa * volume gabião = 222,30*0,50*1*1 | K47: =H47*1.25 -> 76490.65
A48: 4.3.2 | B48: CPOS | C48: 34.02.100 | D48: =IF($B48="","",VLOOKUP($C48,'CPOS 176'!$A$17:$AC$10838,3,0)) -> Plantio de grama esmeralda em placas (jardins e canteiros) | E48: =IF($B48="","",VLOOKUP($C48,'CPOS 176'!$A$1:$AC$10838,4,0)) -> m² | F48: =(3115.4-2417.5)*1.41 -> 984.039 | G48: =IF($B48="","",VLOOKUP($C48,'CPOS 176'!$A$17:$AC$10840,7,0)) -> 8.85 | H48: =ROUND(F48*G48,2) -> 8708.75 | I48: (Área na cota 839 - área na cota 838) x 1,41 inclinação de talude | K48: =H48*1.25 -> 10885.938
A49: 4.4 | D49: MONGE | E49: =IF($B49="","",VLOOKUP($C49,'CPOS 176'!$A$1:$AC$10838,4,0)) | G49: =IF($B49="","",VLOOKUP($C49,'CPOS 176'!$A$17:$AC$10840,7,0)) | K49: =H49*1.25 -> 0
A50: 4.4.1 | B50: CPOS | C50: 12.01.040 | D50: =IF($B50="","",VLOOKUP($C50,'CPOS 176'!$A$17:$AC$10838,3,0)) -> Broca em concreto armado diâmetro de 25 cm - completa | E50: =IF($B50="","",VLOOKUP($C50,'CPOS 176'!$A$1:$AC$10838,4,0)) -> m | F50: 12 | G50: =IF($B50="","",VLOOKUP($C50,'CPOS 176'!$A$17:$AC$10840,7,0)) -> 51.58 | H50: =ROUND(F50*G50,2) -> 618.96 | I50: 6 brocas x 2,00 m | K50: =H50*1.25 -> 773.7
A51: 4.4.2 | B51: CPOS | C51: 09.01.020 | D51: =IF($B51="","",VLOOKUP($C51,'CPOS 176'!$A$17:$AC$10838,3,0)) -> Forma em madeira comum para fundação | E51: =IF($B51="","",VLOOKUP($C51,'CPOS 176'!$A$1:$AC$10838,4,0)) -> m² | F51: =0.9+15.4+2.64*2 -> 21.58 | G51: =IF($B51="","",VLOOKUP($C51,'CPOS 176'!$A$17:$AC$10840,7,0)) -> 59.86 | H51: =ROUND(F51*G51,2) -> 1291.78 | I51: Laje 0,90 m² + muro 20,68 m² | K51: =H51*1.25 -> 1614.725
A52: 4.4.3 | B52: CPOS | C52: 10.01.040 | D52: =IF($B52="","",VLOOKUP($C52,'CPOS 176'!$A$17:$AC$10838,3,0)) -> Armadura em barra de aço CA-50 (A ou B) fyk = 500 MPa | E52: =IF($B52="","",VLOOKUP($C52,'CPOS 176'!$A$1:$AC$10838,4,0)) -> kg | F52: 233.6 | G52: =IF($B52="","",VLOOKUP($C52,'CPOS 176'!$A$17:$AC$10840,7,0)) -> 6.56 | H52: =ROUND(F52*G52,2) -> 1532.42 | I52: 80 kg/m³ | K52: =H52*1.25 -> 1915.525
A53: 4.4.4 | B53: CPOS | C53: 11.01.160 | D53: =IF($B53="","",VLOOKUP($C53,'CPOS 176'!$A$17:$AC$10838,3,0)) -> Concreto usinado, fck = 30 MPa | E53: =IF($B53="","",VLOOKUP($C53,'CPOS 176'!$A$1:$AC$10838,4,0)) -> m³ | F53: =0.4+1.46+0.22*2 -> 2.3 | G53: =IF($B53="","",VLOOKUP($C53,'CPOS 176'!$A$17:$AC$10840,7,0)) -> 290.36 | H53: =ROUND(F53*G53,2) -> 667.83 | I53: Laje 0,40 m³ + muro 1,90 m³ | K53: =H53*1.25 -> 834.7875
A54: 4.4.5 | B54: CPOS | C54: 11.16.040 | D54: =IF($B54="","",VLOOKUP($C54,'CPOS 176'!$A$17:$AC$10838,3,0)) -> Lançamento e adensamento de concreto ou massa em fundação | E54: =IF($B54="","",VLOOKUP($C54,'CPOS 176'!$A$1:$AC$10838,4,0)) -> m³ | F54: =F53 -> 2.3 | G54: =IF($B54="","",VLOOKUP($C54,'CPOS 176'!$A$17:$AC$10840,7,0)) -> 113.84 | H54: =ROUND(F54*G54,2) -> 261.83 | I54: Laje 0,40 m³ + muro 1,90 m³ | K54: =H54*1.25 -> 327.2875
A55: 4.4.6 | B55: CPOS | C55: 22.01.210 | D55: =IF($B55="","",VLOOKUP($C55,'CPOS 176'!$A$17:$AC$10838,3,0)) -> Testeira em tábua aparelhada, largura até 20 cm | E55: =IF($B55="","",VLOOKUP($C55,'CPOS 176'!$A$1:$AC$10838,4,0)) -> m | F55: =18*0.69 -> 12.42 | G55: =IF($B55="","",VLOOKUP($C55,'CPOS 176'!$A$17:$AC$10840,7,0)) -> 21.84 | H55: =ROUND(F55*G55,2) -> 271.25 | I55: 18 pranchas x 0,69 m | K55: =H55*1.25 -> 339.0625
A56: 4.4.7 | B56: CPOS | C56: 42.05.542 | D56: =IF($B56="","",VLOOKUP($C56,'CPOS 176'!$A$17:$AC$10838,3,0)) -> Tela equipotencial em aço inoxidável, largura de 200 mm, espessura de 1,4 mm | E56: =IF($B56="","",VLOOKUP($C56,'CPOS 176'!$A$1:$AC$10838,4,0)) -> m | F56: 0.69 | G56: =IF($B56="","",VLOOKUP($C56,'CPOS 176'!$A$17:$AC$10840,7,0)) -> 53.58 | H56: =ROUND(F56*G56,2) -> 36.97 | I56: 0,69 m | K56: =H56*1.25 -> 46.2125
A57: 4.4.8 | B57: CPOS | C57: 46.12.060 | D57: =IF($B57="","",VLOOKUP($C57,'CPOS 176'!$A$17:$AC$10838,3,0)) -> Tubo de concreto (PS-2), DN= 400mm | E57: =IF($B57="","",VLOOKUP($C57,'CPOS 176'!$A$1:$AC$10838,4,0)) -> m | F57: 19.45 | G57: =IF($B57="","",VLOOKUP($C57,'CPOS 176'!$A$17:$AC$10840,7,0)) -> 72.66 | H57: =ROUND(F57*G57,2) -> 1413.24 | I57: projeto | K57: =H57*1.25 -> 1766.55
A58: 5 | D58: PAVIMENTAÇÃO ENTORNO DA PRIMEIRA LAGOA | H58: =SUBTOTAL(9,H59:H63) -> 60890.2 | K58: =SUBTOTAL(9,K59:K63) -> 76112.75
A59: 5.1 | B59: CPOS | C59: 02.10.060 | D59: =IF($B59="","",VLOOKUP($C59,'CPOS 176'!$A$17:$AC$10838,3,0)) -> Locação de vias, calçadas, tanques e lagoas | E59: =IF($B59="","",VLOOKUP($C59,'CPOS 176'!$A$1:$AC$10838,4,0)) -> m² | F59: =215.85*3.5 -> 755.475 | G59: =IF($B59="","",VLOOKUP($C59,'CPOS 176'!$A$17:$AC$10840,7,0)) -> 1.08 | H59: =ROUND(F59*G59,2) -> 815.91 | I59: 215,85 m x 3,50 m | K59: =H59*1.25 -> 1019.8875
A60: 5.2 | B60: CPOS | C60: 02.09.040 | D60: =IF($B60="","",VLOOKUP($C60,'CPOS 176'!$A$17:$AC$10838,3,0)) -> Limpeza mecanizada do terreno, inclusive troncos até 15 cm de diâmetro, com caminhão à disposição dentro e fora da obra, com transporte no raio de até 1 km | E60: =IF($B60="","",VLOOKUP($C60,'CPOS 176'!$A$1:$AC$10838,4,0)) -> m² | F60: =F59 -> 755.475 | G60: =IF($B60="","",VLOOKUP($C60,'CPOS 176'!$A$17:$AC$10840,7,0)) -> 2.26 | H60: =ROUND(F60*G60,2) -> 1707.37 | I60: 215,85 m x 3,50 m | K60: =H60*1.25 -> 2134.2125
A61: 5.3 | B61: CPOS | C61: 54.01.010 | D61: =IF($B61="","",VLOOKUP($C61,'CPOS 176'!$A$17:$AC$10838,3,0)) -> Regularização e compactação mecanizada de superfície, sem controle do proctor normal | E61: =IF($B61="","",VLOOKUP($C61,'CPOS 176'!$A$1:$AC$10838,4,0)) -> m² | F61: =F59 -> 755.475 | G61: =IF($B61="","",VLOOKUP($C61,'CPOS 176'!$A$17:$AC$10840,7,0)) -> 1.96 | H61: =ROUND(F61*G61,2) -> 1480.73 | I61: 755,48 m x 3,50 x 0,20 m | K61: =H61*1.25 -> 1850.9125
A62: 5.4 | B62: CPOS | C62: 54.04.340 | D62: =IF($B62="","",VLOOKUP($C62,'CPOS 176'!$A$17:$AC$10838,3,0)) -> Pavimentação em lajota de concreto 35 MPa, espessura 6 cm, cor natural, tipos: raquete, retangular, sextavado e 16 faces, com rejunte em areia | E62: =IF($B62="","",VLOOKUP($C62,'CPOS 176'!$A$1:$AC$10838,4,0)) -> m² | F62: =F59 -> 755.475 | G62: =IF($B62="","",VLOOKUP($C62,'CPOS 176'!$A$17:$AC$10840,7,0)) -> 54.15 | H62: =ROUND(F62*G62,2) -> 40908.97 | I62: 215,85 m x 3,50 m | K62: =H62*1.25 -> 51136.213
A63: 5.5 | B63: CPOS | C63: 54.06.040 | D63: =IF($B63="","",VLOOKUP($C63,'CPOS 176'!$A$17:$AC$10838,3,0)) -> Guia pré-moldada reta tipo PMSP 100 - fck 25 MPa | E63: =IF($B63="","",VLOOKUP($C63,'CPOS 176'!$A$1:$AC$10838,4,0)) -> m | F63: =212.15+219.55 -> 431.7 | G63: =IF($B63="","",VLOOKUP($C63,'CPOS 176'!$A$17:$AC$10840,7,0)) -> 37.01 | H63: =ROUND(F63*G63,2) -> 15977.22 | I63: levantado em projeto | K63: =H63*1.25 -> 19971.525
A64: 6 | D64: SEGUNDA LAGOA | H64: =SUBTOTAL(9,H65:H90) -> 271321.31 | K64: =SUBTOTAL(9,K65:K90) -> 339151.64
A65: 6.1 | D65: ABERTURA | K65: =H65*1.25 -> 0
A66: 6.1.1 | B66: CPOS | C66: 02.10.060 | D66: =IF($B66="","",VLOOKUP($C66,'CPOS 176'!$A$17:$AC$10838,3,0)) -> Locação de vias, calçadas, tanques e lagoas | E66: =IF($B66="","",VLOOKUP($C66,'CPOS 176'!$A$1:$AC$10838,4,0)) -> m² | F66: 2381.5 | G66: =IF($B66="","",VLOOKUP($C66,'CPOS 176'!$A$17:$AC$10840,7,0)) -> 1.08 | H66: =ROUND(F66*G66,2) -> 2572.02 | I66: Área de projeto anexo 5 | K66: =H66*1.25 -> 3215.025
A67: 6.1.2 | B67: CPOS | C67: 07.05.020 | D67: =IF($B67="","",VLOOKUP($C67,'CPOS 176'!$A$17:$AC$10838,3,0)) -> Escavação e carga mecanizada em solo vegetal superficial | E67: =IF($B67="","",VLOOKUP($C67,'CPOS 176'!$A$1:$AC$10838,4,0)) -> m³ | F67: =F66*0.1 -> 238.15 | G67: =IF($B67="","",VLOOKUP($C67,'CPOS 176'!$A$17:$AC$10840,7,0)) -> 21.31 | H67: =ROUND(F67*G67,2) -> 5074.98 | I67: Área x 0,10 m | K67: =H67*1.25 -> 6343.725
A68: 6.1.3 | B68: CPOS | C68: 07.01.020 | D68: =IF($B68="","",VLOOKUP($C68,'CPOS 176'!$A$17:$AC$10838,3,0)) -> Escavação e carga mecanizada em solo de 1ª categoria, em campo aberto | E68: =IF($B68="","",VLOOKUP($C68,'CPOS 176'!$A$1:$AC$10838,4,0)) -> m³ | F68: 8000.15 | G68: =IF($B68="","",VLOOKUP($C68,'CPOS 176'!$A$17:$AC$10840,7,0)) -> 8.79 | H68: =ROUND(F68*G68,2) -> 70321.32 | I68: Projeto complementar de movimentação de solo | K68: =H68*1.25 -> 87901.65
A69: 6.1.4 | B69: CPOS | C69: 05.10.030 | D69: =IF($B69="","",VLOOKUP($C69,'CPOS 176'!$A$17:$AC$10838,3,0)) -> Transporte de solo brejoso por caminhão até o 2° km | E69: =IF($B69="","",VLOOKUP($C69,'CPOS 176'!$A$1:$AC$10838,4,0)) -> m³ | F69: =F68*1.3 -> 10400.195 | G69: =IF($B69="","",VLOOKUP($C69,'CPOS 176'!$A$17:$AC$10840,7,0)) -> 8.05 | H69: =ROUND(F69*G69,2) -> 83721.57 | I69: Volume escavado + 30 % | K69: =H69*1.25 -> 104651.96
A70: 6.2 | D70: BARRAGEM | E70: =IF($B70="","",VLOOKUP($C70,'CPOS 176'!$A$1:$AC$10838,4,0)) | G70: =IF($B70="","",VLOOKUP($C70,'CPOS 176'!$A$17:$AC$10840,7,0)) | K70: =H70*1.25 -> 0
A71: 6.2.1 | B71: CPOS | C71: 07.02.020 | D71: =IF($B71="","",VLOOKUP($C71,'CPOS 176'!$A$17:$AC$10838,3,0)) -> Escavação mecanizada de valas ou cavas com profundidade de até 2 m | E71: =IF($B71="","",VLOOKUP($C71,'CPOS 176'!$A$1:$AC$10838,4,0)) -> m³ | F71: =3.6*1*28.32 -> 101.952 | G71: =IF($B71="","",VLOOKUP($C71,'CPOS 176'!$A$17:$AC$10840,7,0)) -> 6.56 | H71: =ROUND(F71*G71,2) -> 668.81 | I71: fundação da barragem 3,60 x 1,00 x 28,32 m | K71: =H71*1.25 -> 836.0125
A72: 6.2.2 | B72: CPOS | C72: 07.01.010 | D72: =IF($B72="","",VLOOKUP($C72,'CPOS 176'!$A$17:$AC$10838,3,0)) -> Escavação e carga mecanizada para exploração de solo em jazida | E72: =IF($B72="","",VLOOKUP($C72,'CPOS 176'!$A$1:$AC$10838,4,0)) -> m³ | F72: =(6*3/2+3.6*3+9*3/2+3.6*1)*28.32*1.3 -> 1358.5104 | G72: =IF($B72="","",VLOOKUP($C72,'CPOS 176'!$A$17:$AC$10840,7,0)) -> 8.55 | H72: =ROUND(F72*G72,2) -> 11615.26 | I72: Talude jusante = 6,00 x 3,00 / 2 x 28,32 m +30 %+ Crista = 3,60 x 3,00 m x 28,32 m + 30 % + Talude montante = 9,00 x 3,00 / 2 x 28,32 m + 30%+ Cut off = 3,60 x 1,00 x 28,32 m + 30 % | K72: =H72*1.25 -> 14519.075
A73: 6.2.3 | B73: CPOS | C73: 05.10.020 | D73: =IF($B73="","",VLOOKUP($C73,'CPOS 176'!$A$17:$AC$10838,3,0)) -> Transporte de solo de 1ª e 2ª categoria por caminhão até o 2° km | E73: =IF($B73="","",VLOOKUP($C73,'CPOS 176'!$A$1:$AC$10838,4,0)) -> m³ | F73: =F72 -> 1358.5104 | G73: =IF($B73="","",VLOOKUP($C73,'CPOS 176'!$A$17:$AC$10840,7,0)) -> 4.68 | H73: =ROUND(F73*G73,2) -> 6357.83 | I73: Talude jusante = 6,00 x 3,00 / 2 x 28,32 m +30 %+ Crista = 3,60 x 3,00 m x 28,32 m + 30 % + Talude montante = 9,00 x 3,00 / 2 x 28,32 m + 30%+ Cut off = 3,60 x 1,00 x 28,32 m + 30 % | K73: =H73*1.25 -> 7947.2875
A74: 6.2.4 | B74: CPOS | C74: 07.12.030 | D74: =IF($B74="","",VLOOKUP($C74,'CPOS 176'!$A$17:$AC$10838,3,0)) -> Compactação de aterro mecanizado a 100% PN, sem fornecimento de solo em campo aberto | E74: =IF($B74="","",VLOOKUP($C74,'CPOS 176'!$A$1:$AC$10838,4,0)) -> m³ | F74: =F73/1.3 -> 1045.008 | G74: =IF($B74="","",VLOOKUP($C74,'CPOS 176'!$A$17:$AC$10840,7,0)) -> 6.71 | H74: =ROUND(F74*G74,2) -> 7012 | I74: Talude jusante = 6,00 x 3,00 / 2 x 28,32 m + Crista = 3,60 x 3,00 m x 28,32 m + Talude montante = 9,00 x 3,00 / 2 x 28,32 m + Cut off = 3,60 x 1,00 x 28,32 m | K74: =H74*1.25 -> 8765
A75: 6.2.5 | B75: CPOS | C75: 09.01.020 | D75: =IF($B75="","",VLOOKUP($C75,'CPOS 176'!$A$17:$AC$10838,3,0)) -> Forma em madeira comum para fundação | E75: =IF($B75="","",VLOOKUP($C75,'CPOS 176'!$A$1:$AC$10838,4,0)) -> m² | F75: =34.17*2 -> 68.34 | G75: =IF($B75="","",VLOOKUP($C75,'CPOS 176'!$A$17:$AC$10840,7,0)) -> 59.86 | H75: =ROUND(F75*G75,2) -> 4090.83 | I75: Paredes 34,17 m² x 2 | K75: =H75*1.25 -> 5113.5375
A76: 6.2.6 | B76: CPOS | C76: 10.01.040 | D76: =IF($B76="","",VLOOKUP($C76,'CPOS 176'!$A$17:$AC$10838,3,0)) -> Armadura em barra de aço CA-50 (A ou B) fyk = 500 MPa | E76: =IF($B76="","",VLOOKUP($C76,'CPOS 176'!$A$1:$AC$10838,4,0)) -> kg | F76: =F77*9 -> 251.244 | G76: =IF($B76="","",VLOOKUP($C76,'CPOS 176'!$A$17:$AC$10840,7,0)) -> 6.56 | H76: =ROUND(F76*G76,2) -> 1648.16 | K76: =H76*1.25 -> 2060.2
A77: 6.2.7 | B77: CPOS | C77: 11.01.100 | D77: =IF($B77="","",VLOOKUP($C77,'CPOS 176'!$A$17:$AC$10838,3,0)) -> Concreto usinado, fck = 20 MPa | E77: =IF($B77="","",VLOOKUP($C77,'CPOS 176'!$A$1:$AC$10838,4,0)) -> m³ | F77: =6.83*2+27.87*2*0.2+25.9*0.3*0.2*2 -> 27.916 | G77: =IF($B77="","",VLOOKUP($C77,'CPOS 176'!$A$17:$AC$10840,7,0)) -> 268.64 | H77: =ROUND(F77*G77,2) -> 7499.35 | I77: Paredes 6,83 m³ x 2 + Piso 27,87 x 2,00 x 0,20 m³ + 25,90 x 0,30 x 0,20 x 2 | K77: =H77*1.25 -> 9374.1875
A78: 6.2.8 | B78: CPOS | C78: 11.16.040 | D78: =IF($B78="","",VLOOKUP($C78,'CPOS 176'!$A$17:$AC$10838,3,0)) -> Lançamento e adensamento de concreto ou massa em fundação | E78: =IF($B78="","",VLOOKUP($C78,'CPOS 176'!$A$1:$AC$10838,4,0)) -> m³ | F78: =F77 -> 27.916 | G78: =IF($B78="","",VLOOKUP($C78,'CPOS 176'!$A$17:$AC$10840,7,0)) -> 113.84 | H78: =ROUND(F78*G78,2) -> 3177.96 | K78: =H78*1.25 -> 3972.45
A79: 6.3 | D79: ACABAMENTO MARGEM LAGOA | E79: =IF($B79="","",VLOOKUP($C79,'CPOS 176'!$A$1:$AC$10838,4,0)) | G79: =IF($B79="","",VLOOKUP($C79,'CPOS 176'!$A$17:$AC$10840,7,0)) | K79: =H79*1.25 -> 0
A80: 6.3.1 | B80: CPOS | C80: 08.10.108 | D80: =IF($B80="","",VLOOKUP($C80,'CPOS 176'!$A$17:$AC$10838,3,0)) -> Gabião tipo caixa em tela metálica, altura de 0,5 m, com revestimento liga zinco/alumínio, malha hexagonal 8/10 cm, fio diâmetro 2,7 mm, independente do formato ou utilização | E80: =IF($B80="","",VLOOKUP($C80,'CPOS 176'!$A$1:$AC$10838,4,0)) -> m³ | F80: =192.93*0.5 -> 96.465 | G80: =IF($B80="","",VLOOKUP($C80,'CPOS 176'!$A$17:$AC$10840,7,0)) -> 550.54 | H80: =ROUND(F80*G80,2) -> 53107.84 | I80: perimetro do tanque =192,93*0,5 | K80: =H80*1.25 -> 66384.8
A81: 6.3.2 | B81: CPOS | C81: 34.02.100 | D81: =IF($B81="","",VLOOKUP($C81,'CPOS 176'!$A$17:$AC$10838,3,0)) -> Plantio de grama esmeralda em placas (jardins e canteiros) | E81: =IF($B81="","",VLOOKUP($C81,'CPOS 176'!$A$1:$AC$10838,4,0)) -> m² | F81: =(2381.5-1770.7)*1.3 -> 794.04 | G81: =IF($B81="","",VLOOKUP($C81,'CPOS 176'!$A$17:$AC$10840,7,0)) -> 8.85 | H81: =ROUND(F81*G81,2) -> 7027.25 | I81: (Área na cota 839,50 - área na cota 838,50) x 1,41 inclinação de talude | K81: =H81*1.25 -> 8784.0625
A82: 6.4 | D82: MONGE | E82: =IF($B82="","",VLOOKUP($C82,'CPOS 176'!$A$1:$AC$10838,4,0)) | G82: =IF($B82="","",VLOOKUP($C82,'CPOS 176'!$A$17:$AC$10840,7,0)) | K82: =H82*1.25 -> 0
A83: 6.4.1 | B83: CPOS | C83: 12.01.040 | D83: =IF($B83="","",VLOOKUP($C83,'CPOS 176'!$A$17:$AC$10838,3,0)) -> Broca em concreto armado diâmetro de 25 cm - completa | E83: =IF($B83="","",VLOOKUP($C83,'CPOS 176'!$A$1:$AC$10838,4,0)) -> m | F83: =F50 -> 12 | G83: =IF($B83="","",VLOOKUP($C83,'CPOS 176'!$A$17:$AC$10840,7,0)) -> 51.58 | H83: =ROUND(F83*G83,2) -> 618.96 | I83: =I50 -> 6 brocas x 2,00 m | K83: =H83*1.25 -> 773.7
A84: 6.4.2 | B84: CPOS | C84: 09.01.020 | D84: =IF($B84="","",VLOOKUP($C84,'CPOS 176'!$A$17:$AC$10838,3,0)) -> Forma em madeira comum para fundação | E84: =IF($B84="","",VLOOKUP($C84,'CPOS 176'!$A$1:$AC$10838,4,0)) -> m² | F84: =F51 -> 21.58 | G84: =IF($B84="","",VLOOKUP($C84,'CPOS 176'!$A$17:$AC$10840,7,0)) -> 59.86 | H84: =ROUND(F84*G84,2) -> 1291.78 | I84: =I51 -> Laje 0,90 m² + muro 20,68 m² | K84: =H84*1.25 -> 1614.725
A85: 6.4.3 | B85: CPOS | C85: 10.01.040 | D85: =IF($B85="","",VLOOKUP($C85,'CPOS 176'!$A$17:$AC$10838,3,0)) -> Armadura em barra de aço CA-50 (A ou B) fyk = 500 MPa | E85: =IF($B85="","",VLOOKUP($C85,'CPOS 176'!$A$1:$AC$10838,4,0)) -> kg | F85: =F52 -> 233.6 | G85: =IF($B85="","",VLOOKUP($C85,'CPOS 176'!$A$17:$AC$10840,7,0)) -> 6.56 | H85: =ROUND(F85*G85,2) -> 1532.42 | I85: =I52 -> 80 kg/m³ | K85: =H85*1.25 -> 1915.525
A86: 6.4.4 | B86: CPOS | C86: 11.01.160 | D86: =IF($B86="","",VLOOKUP($C86,'CPOS 176'!$A$17:$AC$10838,3,0)) -> Concreto usinado, fck = 30 MPa | E86: =IF($B86="","",VLOOKUP($C86,'CPOS 176'!$A$1:$AC$10838,4,0)) -> m³ | F86: =F53 -> 2.3 | G86: =IF($B86="","",VLOOKUP($C86,'CPOS 176'!$A$17:$AC$10840,7,0)) -> 290.36 | H86: =ROUND(F86*G86,2) -> 667.83 | I86: =I53 -> Laje 0,40 m³ + muro 1,90 m³ | K86: =H86*1.25 -> 834.7875
A87: 6.4.5 | B87: CPOS | C87: 11.16.040 | D87: =IF($B87="","",VLOOKUP($C87,'CPOS 176'!$A$17:$AC$10838,3,0)) -> Lançamento e adensamento de concreto ou massa em fundação | E87: =IF($B87="","",VLOOKUP($C87,'CPOS 176'!$A$1:$AC$10838,4,0)) -> m³ | F87: =F54 -> 2.3 | G87: =IF($B87="","",VLOOKUP($C87,'CPOS 176'!$A$17:$AC$10840,7,0)) -> 113.84 | H87: =ROUND(F87*G87,2) -> 261.83 | I87: =I54 -> Laje 0,40 m³ + muro 1,90 m³ | K87: =H87*1.25 -> 327.2875
A88: 6.4.6 | B88: CPOS | C88: 22.01.210 | D88: =IF($B88="","",VLOOKUP($C88,'CPOS 176'!$A$17:$AC$10838,3,0)) -> Testeira em tábua aparelhada, largura até 20 cm | E88: =IF($B88="","",VLOOKUP($C88,'CPOS 176'!$A$1:$AC$10838,4,0)) -> m | F88: =F55 -> 12.42 | G88: =IF($B88="","",VLOOKUP($C88,'CPOS 176'!$A$17:$AC$10840,7,0)) -> 21.84 | H88: =ROUND(F88*G88,2) -> 271.25 | I88: =I55 -> 18 pranchas x 0,69 m | K88: =H88*1.25 -> 339.0625
A89: 6.4.7 | B89: CPOS | C89: 42.05.542 | D89: =IF($B89="","",VLOOKUP($C89,'CPOS 176'!$A$17:$AC$10838,3,0)) -> Tela equipotencial em aço inoxidável, largura de 200 mm, espessura de 1,4 mm | E89: =IF($B89="","",VLOOKUP($C89,'CPOS 176'!$A$1:$AC$10838,4,0)) -> m | F89: =F56 -> 0.69 | G89: =IF($B89="","",VLOOKUP($C89,'CPOS 176'!$A$17:$AC$10840,7,0)) -> 53.58 | H89: =ROUND(F89*G89,2) -> 36.97 | I89: =I56 -> 0,69 m | K89: =H89*1.25 -> 46.2125
A90: 6.4.8 | B90: CPOS | C90: 46.12.060 | D90: =IF($B90="","",VLOOKUP($C90,'CPOS 176'!$A$17:$AC$10838,3,0)) -> Tubo de concreto (PS-2), DN= 400mm | E90: =IF($B90="","",VLOOKUP($C90,'CPOS 176'!$A$1:$AC$10838,4,0)) -> m | F90: =37.5+0.28 -> 37.78 | G90: =IF($B90="","",VLOOKUP($C90,'CPOS 176'!$A$17:$AC$10840,7,0)) -> 72.66 | H90: =ROUND(F90*G90,2) -> 2745.09 | I90: projeto | K90: =H90*1.25 -> 3431.3625
A91: 7 | D91: PAVIMENTAÇÃO ENTORNO DA SEGUNDA LAGOA | H91: =SUBTOTAL(9,H92:H97) -> 113871.7 | K91: =SUBTOTAL(9,K92:K97) -> 142339.62
A92: 7.1 | B92: CPOS | C92: 02.10.060 | D92: =IF($B92="","",VLOOKUP($C92,'CPOS 176'!$A$17:$AC$10838,3,0)) -> Locação de vias, calçadas, tanques e lagoas | E92: =IF($B92="","",VLOOKUP($C92,'CPOS 176'!$A$1:$AC$10838,4,0)) -> m² | F92: =278.2*3.5+266.2 -> 1239.9 | G92: =IF($B92="","",VLOOKUP($C92,'CPOS 176'!$A$17:$AC$10840,7,0)) -> 1.08 | H92: =ROUND(F92*G92,2) -> 1339.09 | I92: 278,20 m x 3,50 m + 266,20 m² (passeio com largura de 1,30 m com área irregular) | K92: =H92*1.25 -> 1673.8625
A93: 7.2 | B93: CPOS | C93: 02.09.040 | D93: =IF($B93="","",VLOOKUP($C93,'CPOS 176'!$A$17:$AC$10838,3,0)) -> Limpeza mecanizada do terreno, inclusive troncos até 15 cm de diâmetro, com caminhão à disposição dentro e fora da obra, com transporte no raio de até 1 km | E93: =IF($B93="","",VLOOKUP($C93,'CPOS 176'!$A$1:$AC$10838,4,0)) -> m² | F93: =F92 -> 1239.9 | G93: =IF($B93="","",VLOOKUP($C93,'CPOS 176'!$A$17:$AC$10840,7,0)) -> 2.26 | H93: =ROUND(F93*G93,2) -> 2802.17 | I93: =I92 -> 278,20 m x 3,50 m + 266,20 m² (passeio com largura de 1,30 m com área irregular) | K93: =H93*1.25 -> 3502.7125
A94: 7.3 | B94: CPOS | C94: 54.01.010 | D94: =IF($B94="","",VLOOKUP($C94,'CPOS 176'!$A$17:$AC$10838,3,0)) -> Regularização e compactação mecanizada de superfície, sem controle do proctor normal | E94: =IF($B94="","",VLOOKUP($C94,'CPOS 176'!$A$1:$AC$10838,4,0)) -> m² | F94: =F93 -> 1239.9 | G94: =IF($B94="","",VLOOKUP($C94,'CPOS 176'!$A$17:$AC$10840,7,0)) -> 1.96 | H94: =ROUND(F94*G94,2) -> 2430.2 | I94: =I92 -> 278,20 m x 3,50 m + 266,20 m² (passeio com largura de 1,30 m com área irregular) | K94: =H94*1.25 -> 3037.75
A95: 7.4 | B95: CPOS | C95: 54.04.340 | D95: =IF($B95="","",VLOOKUP($C95,'CPOS 176'!$A$17:$AC$10838,3,0)) -> Pavimentação em lajota de concreto 35 MPa, espessura 6 cm, cor natural, tipos: raquete, retangular, sextavado e 16 faces, com rejunte em areia | E95: =IF($B95="","",VLOOKUP($C95,'CPOS 176'!$A$1:$AC$10838,4,0)) -> m² | F95: =F92 -> 1239.9 | G95: =IF($B95="","",VLOOKUP($C95,'CPOS 176'!$A$17:$AC$10840,7,0)) -> 54.15 | H95: =ROUND(F95*G95,2) -> 67140.59 | I95: =I92 -> 278,20 m x 3,50 m + 266,20 m² (passeio com largura de 1,30 m com área irregular) | K95: =H95*1.25 -> 83925.737
A96: 7.5 | B96: CPOS | C96: 54.06.040 | D96: =IF($B96="","",VLOOKUP($C96,'CPOS 176'!$A$17:$AC$10838,3,0)) -> Guia pré-moldada reta tipo PMSP 100 - fck 25 MPa | E96: =IF($B96="","",VLOOKUP($C96,'CPOS 176'!$A$1:$AC$10838,4,0)) -> m | F96: 1042 | G96: =IF($B96="","",VLOOKUP($C96,'CPOS 176'!$A$17:$AC$10840,7,0)) -> 37.01 | H96: =ROUND(F96*G96,2) -> 38564.42 | I96: mensurado em projeto cad | K96: =H96*1.25 -> 48205.525
A97: 7.6 | B97: CPOS | C97: 46.12.100 | D97: =IF($B97="","",VLOOKUP($C97,'CPOS 176'!$A$17:$AC$10838,3,0)) -> Tubo de concreto (PA-1), DN= 800mm | E97: =IF($B97="","",VLOOKUP($C97,'CPOS 176'!$A$1:$AC$10838,4,0)) -> m | F97: 7 | G97: =IF($B97="","",VLOOKUP($C97,'CPOS 176'!$A$17:$AC$10840,7,0)) -> 227.89 | H97: =ROUND(F97*G97,2) -> 1595.23 | K97: =H97*1.25 -> 1994.0375
A98: 8 | D98: INSTALAÇÕES ELÉTRICAS | H98: =SUBTOTAL(9,H99:H194) -> 460623.79 | K98: =SUBTOTAL(9,K99:K194) -> 575779.74
A99: 8.1 | D99: REDE DE DISTRIBUIÇÃO | K99: =H99*1.25 -> 0
A100: 8.1.1 | B100: CPOS | C100: 01.06.021 | D100: =IF($B100="","",VLOOKUP($C100,'CPOS 176'!$A$17:$AC$10838,3,0)) -> Elaboração de projeto de adequação de entrada de energia elétrica junto a concessionária, com medição em baixa tensão e demanda até 75 KVA | E100: =IF($B100="","",VLOOKUP($C100,'CPOS 176'!$A$1:$AC$10838,4,0)) -> un | F100: 1 | G100: =IF($B100="","",VLOOKUP($C100,'CPOS 176'!$A$17:$AC$10840,7,0)) -> 4864.24 | H100: =ROUND(F100*G100,2) -> 4864.24 | I100: projeto | K100: =H100*1.25 -> 6080.3
...

Sheet Cronograma 12 meses
C1: OBJETO | D1: ='Orcamento-base'!B2 -> PARQUE MUNICIPAL DE AMPARO - 4ª ETAPA
C2: LOCAL | D2: ='Orcamento-base'!B3 -> SP 360 KM 130
L3: SINAPI 26/11/2018
C4: BOLETIM REFERENCIAL DE CUSTOS - TABELA DE SERVIÇOS COM DESONERAÇÃO | G4: CPOS 176 | I4: 43647 | L4: DER 30/09/2018
A6: CRONOGRAMA FÍSICO FINANCEIRO
A8: Item | B8: ETAPAS DA OBRA | C8: VALORES R$ | D8: PERCENTUAL | E8: MÊS 1 | G8: MÊS 2 | I8: MÊS 3 | K8: MÊS 4 | M8: MÊS 5 | O8: MÊS 6 | Q8: MÊS 7 | S8: MÊS 8 | U8: MÊS 9 | W8: MÊS 10 | Y8: MÊS 11 | AA8: MÊS 12 | AC8: 1 | AD8: 2 | AE8: 3 | AF8: 4
A9: ='Orcamento-base'!A8 -> 1 | B9: ='Orcamento-base'!D8 -> SERVIÇOS PRELIMINARES E MOBILIZAÇÃO | C9: ='Orcamento-base'!H8 -> 9972 | D9: =C9/$C$17 -> 0.0083979779 | E9: 2887.97 | F9: =E9/C9 -> 0.2896079 | G9: 644.03 | H9: =G9/C9 -> 0.064583835 | I9: 644 | J9: =I9/C9 -> 0.064580826 | K9: 644 | L9: =K9/C9 -> 0.064580826 | M9: 644 | N9: =M9/C9 -> 0.064580826 | O9: 644 | P9: =O9/C9 -> 0.064580826 | Q9: 644 | R9: =Q9/C9 -> 0.064580826 | S9: 644 | T9: =S9/C9 -> 0.064580826 | U9: 644 | V9: =U9/C9 -> 0.064580826 | W9: 644 | X9: =W9/C9 -> 0.064580826 | Y9: 644 | Z9: =Y9/C9 -> 0.064580826 | AA9: 644 | AB9: =AA9/C9 -> 0.064580826 | AC9: =(E9+G9+I9)*1.25 -> 5220 | AD9: =(K9+M9+O9)*1.25 -> 2415 | AE9: =(Q9+S9+U9)*1.25 -> 2415 | AF9: =(W9+Y9+AA9)*1.25 -> 2415 | AH9: =C9-E9-G9-I9-K9-M9-Q9-S9-U9-W9-Y9-AA9-O9 -> 9.094947e-13
A10: ='Orcamento-base'!A11 -> 2 | B10: ='Orcamento-base'!D11 -> LIMPEZA | C10: ='Orcamento-base'!H11 -> 34415.97 | D10: =C10/$C$17 -> 0.02898361 | E10: =$C$10/4 -> 8603.9925 | F10: =E10/$C$10 -> 0.25 | G10: =$C$10/4 -> 8603.9925 | H10: =G10/$C$10 -> 0.25 | K10: =$C$10/4 -> 8603.9925 | L10: =K10/$C$10 -> 0.25 | M10: =$C$10/4 -> 8603.9925 | N10: =M10/$C$10 -> 0.25 | AC10: =(E10+G10+I10)*1.25 -> 21509.981 | AD10: =(K10+M10+O10)*1.25 -> 21509.981 | AE10: =(Q10+S10+U10)*1.25 -> 0 | AF10: =(W10+Y10+AA10)*1.25 -> 0 | AH10: =C10-E10-G10-I10-K10-M10-Q10-S10-U10-W10-Y10-AA10-O10 -> 0
A11: ='Orcamento-base'!A15 -> 3 | B11: ='Orcamento-base'!D15 -> ENSAIOS DE SOLO | C11: ='Orcamento-base'!H15 -> 8953.48 | D11: =C11/$C$17 -> 0.0075402254 | E11: =ROUND($C$11/3,2)+0.01 -> 2984.5 | F11: =E11/C11 -> 0.33333408 | G11: =ROUND($C$11/3,2) -> 2984.49 | H11: =G11/C11 -> 0.33333296 | I11: =ROUND($C$11/3,2) -> 2984.49 | J11: =I11/C11 -> 0.33333296 | AC11: =(E11+G11+I11)*1.25 -> 11191.85 | AD11: =(K11+M11+O11)*1.25 -> 0 | AE11: =(Q11+S11+U11)*1.25 -> 0 | AF11: =(W11+Y11+AA11)*1.25 -> 0 | AH11: =C11-E11-G11-I11-K11-M11-Q11-S11-U11-W11-Y11-AA11-O11 -> 0
A12: ='Orcamento-base'!A26 -> 4 | B12: ='Orcamento-base'!D26 -> PRIMEIRA LAGOA | C12: ='Orcamento-base'!H26 -> 227380.25 | D12: =C12/$C$17 -> 0.1914896 | E12: =ROUND($C$12/3,2)-0.01 -> 75793.41 | G12: =ROUND($C$12/3,2) -> 75793.42 | H12: =G12/$C12 -> 0.33333335 | I12: =ROUND($C$12/3,2) -> 75793.42 | J12: =I12/C12 -> 0.33333335 | AC12: =(E12+G12+I12)*1.25 -> 284225.31 | AD12: =(K12+M12+O12)*1.25 -> 0 | AE12: =(Q12+S12+U12)*1.25 -> 0 | AF12: =(W12+Y12+AA12)*1.25 -> 0 | AH12: =C12-E12-G12-I12-K12-M12-Q12-S12-U12-W12-Y12-AA12-O12 -> -2.910383e-11
A13: ='Orcamento-base'!A58 -> 5 | B13: ='Orcamento-base'!D58 -> PAVIMENTAÇÃO ENTORNO DA PRIMEIRA LAGOA | C13: ='Orcamento-base'!H58 -> 60890.2 | D13: =C13/$C$17 -> 0.051279037 | W13: =$C$13/3 -> 20296.733 | X13: =W13/$C13 -> 0.33333333 | Y13: =$C$13/3 -> 20296.733 | Z13: =Y13/$C$13 -> 0.33333333 | AA13: =$C$13/3 -> 20296.733 | AB13: =AA13/$C$13 -> 0.33333333 | AC13: =(E13+G13+I13)*1.25 -> 0 | AD13: =(K13+M13+O13)*1.25 -> 0 | AE13: =(Q13+S13+U13)*1.25 -> 0 | AF13: =(W13+Y13+AA13)*1.25 -> 76112.75 | AH13: =C13-E13-G13-I13-K13-M13-Q13-S13-U13-W13-Y13-AA13-O13 -> 7.2759576e-12
A14: ='Orcamento-base'!A64 -> 6 | B14: ='Orcamento-base'!D64 -> SEGUNDA LAGOA | C14: ='Orcamento-base'!H64 -> 271321.31 | D14: =C14/$C$17 -> 0.22849482 | M14: =$C$14/4 -> 67830.328 | N14: =M14/C14 -> 0.25 | O14: =$C$14/4 -> 67830.328 | P14: =O14/C14 -> 0.25 | Q14: =$C$14/4 -> 67830.328 | R14: =Q14/C14 -> 0.25 | S14: =$C$14/4 -> 67830.328 | T14: =S14/C14 -> 0.25 | AC14: =(E14+G14+I14)*1.25 -> 0 | AD14: =(K14+M14+O14)*1.25 -> 169575.82 | AE14: =(Q14+S14+U14)*1.25 -> 169575.82 | AF14: =(W14+Y14+AA14)*1.25 -> 0 | AH14: =C14-E14-G14-I14-K14-M14-Q14-S14-U14-W14-Y14-AA14-O14 -> 0
A15: ='Orcamento-base'!A91 -> 7 | B15: ='Orcamento-base'!D91 -> PAVIMENTAÇÃO ENTORNO DA SEGUNDA LAGOA | C15: ='Orcamento-base'!H91 -> 113871.7 | D15: =C15/$C$17 -> 0.095897716 | U15: =$C$15/3 -> 37957.233 | V15: =U15/C15 -> 0.33333333 | W15: =$C$15/3+0.01 -> 37957.243 | X15: =W15/C15 -> 0.33333342 | Y15: =$C$15/3 -> 37957.233 | Z15: =Y15/$C15 -> 0.33333333 | AC15: =(E15+G15+I15)*1.25 -> 0 | AD15: =(K15+M15+O15)*1.25 -> 0 | AE15: =(Q15+S15+U15)*1.25 -> 47446.542 | AF15: =(W15+Y15+AA15)*1.25 -> 94893.096 | AH15: =C15-E15-G15-I15-K15-M15-Q15-S15-U15-W15-Y15-AA15-O15 -> -0.01
A16: ='Orcamento-base'!A98 -> 8 | B16: ='Orcamento-base'!D98 -> INSTALAÇÕES ELÉTRICAS | C16: ='Orcamento-base'!H98 -> 460623.79 | D16: =C16/$C$17 -> 0.38791701 | E16: =ROUND($C$16/12,2)-0.01 -> 38385.31 | G16: =ROUND($C$16/12,2) -> 38385.32 | H16: =G16/$C16 -> 0.083333342 | I16: =ROUND($C$16/12,2) -> 38385.32 | J16: =I16/$C16 -> 0.083333342 | K16: =ROUND($C$16/12,2)-0.01 -> 38385.31 | L16: =K16/$C16 -> 0.083333321 | M16: =ROUND($C$16/12,2) -> 38385.32 | N16: =M16/$C16 -> 0.083333342 | O16: =ROUND($C$16/12,2) -> 38385.32 | Q16: =ROUND($C$16/12,2) -> 38385.32 | R16: =Q16/C16 -> 0.083333342 | S16: =ROUND($C$16/12,2)-0.01 -> 38385.31 | T16: =S16/C16 -> 0.083333321 | U16: =ROUND($C$16/12,2)-0.01 -> 38385.31 | V16: =U16/C16 -> 0.083333321 | W16: =ROUND($C$16/12,2) -> 38385.32 | X16: =W16/C16 -> 0.083333342 | Y16: =ROUND($C$16/12,2)-0.01 -> 38385.31 | Z16: =Y16/C16 -> 0.083333321 | AA16: =ROUND($C$16/12,2)-0.01 -> 38385.31 | AC16: =(E16+G16+I16)*1.25 -> 143944.94 | AD16: =(K16+M16+O16)*1.25 -> 143944.94 | AE16: =(Q16+S16+U16)*1.25 -> 143944.92 | AF16: =(W16+Y16+AA16)*1.25 -> 143944.92 | AH16: =C16-E16-G16-I16-K16-M16-Q16-S16-U16-W16-Y16-AA16-O16 -> 0.0099999999
B17: TOTAL | C17: =SUBTOTAL(9,C9:C16) -> 1187428.7 | E17: =SUM(E9:E16) -> 128655.18 | F17: =E17/C17 -> 0.10834771 | G17: =SUM(G9:G16) -> 126411.25 | H17: =G17/C17 -> 0.10645797 | I17: =SUM(I9:I16) -> 117807.23 | J17: =I17/$C17 -> 0.099212045 | K17: =SUM(K9:K16) -> 47633.302 | L17: =K17/$C17 -> 0.040114663 | M17: =SUM(M9:M16) -> 115463.64 | N17: =M17/$C17 -> 0.097238377 | O17: =SUM(O9:O16) -> 106859.65 | P17: =O17/$C17 -> 0.089992475 | Q17: =SUM(Q9:Q16) -> 106859.65 | R17: =Q17/$C$17 -> 0.089992475 | S17: =SUM(S9:S16) -> 106859.64 | T17: =S17/$C$17 -> 0.089992466 | U17: =SUM(U9:U16) -> 76986.543 | V17: =U17/$C$17 -> 0.064834666 | W17: =SUM(W9:W16) -> 97283.297 | X17: =W17/$C$17 -> 0.081927695 | Y17: =SUM(Y9:Y16) -> 97283.277 | Z17: =Y17/$C$17 -> 0.081927678 | AA17: =SUM(AA9:AA16) -> 59326.043 | AB17: =AA17/$C$17 -> 0.049961773 | AC17: =SUM(AC9:AC16) -> 466092.08 | AD17: =SUM(AD9:AD16) -> 337445.74 | AE17: =SUM(AE9:AE16) -> 363382.29 | AF17: =SUM(AF9:AF16) -> 317365.77 | AH17: =AC17+AD17+AE17+AF17-C20 -> 0
B18: TOTAL ACUMULADO | E18: =E17 -> 128655.18 | F18: =E18/C17 -> 0.10834771 | G18: =E18+G17 -> 255066.43 | H18: =G18/$C$17 -> 0.21480568 | I18: =G18+I17 -> 372873.67 | J18: =I18/$C$17 -> 0.31401773 | K18: =I18+K17 -> 420506.97 | L18: =K18/$C$17 -> 0.35413239 | M18: =K18+M17 -> 535970.61 | N18: =M18/$C$17 -> 0.45137077 | O18: =M18+O17 -> 642830.26 | P18: =O18/$C$17 -> 0.54136325 | Q18: =O18+Q17 -> 749689.9 | S18: =Q18+S17 -> 856549.54 | U18: =S18+U17 -> 933536.08 | W18: =U18+W17 -> 1030819.4 | Y18: =W18+Y17 -> 1128102.7 | AA18: =Y18+AA17 -> 1187428.7 | AC18: =AC17/$AI$21 -> 0.31401773 | AD18: =AD17/$AI$21 -> 0.22734552 | AE18: =AE17/$AI$21 -> 0.24481961 | AF18: =AF17/$AI$21 -> 0.21381715
B19: BDI 25% | C19: =C17*25% -> 296857.17 | E19: =E17*25% -> 32163.796 | G19: =G17*25% -> 31602.813 | I19: =I17*25% -> 29451.808 | K19: =K17*25% -> 11908.326 | M19: =M17*25% -> 28865.91 | O19: =O17*25% -> 26714.912 | Q19: =Q17*25% -> 26714.912 | S19: =S17*25% -> 26714.909 | U19: =U17*25% -> 19246.636 | W19: =W17*25% -> 24320.824 | Y19: =Y17*25% -> 24320.819 | AA19: =AA17*25% -> 14831.511 | AI19: =SUM(E19:AA19) -> 296857.18
B20: TOTAL GERAL | C20: =SUM(C17:C19) -> 1484285.9 | D20: ='Cronograma 12 meses'!A301 -> 0 | E20: =E19+E18 -> 160818.98 | G20: =E20+G19+G17 -> 318833.04 | I20: =G20+I19+I17 -> 466092.08 | K20: =I20+K19+K17 -> 525633.71 | M20: =K20+M19+M17 -> 669963.26 | O20: =M20+O19+O17 -> 803537.82 | Q20: =O20+Q19+Q17 -> 937112.38 | S20: =Q20+S19+S17 -> 1070686.9 | U20: =S20+U19+U17 -> 1166920.1 | W20: =U20+W19+W17 -> 1288524.2 | Y20: =W20+Y19+Y17 -> 1410128.3 | AA20: =Y20+AA19+AA17 -> 1484285.9
AI21: =AA18+AI19 -> 1484285.9
B22: Amparo, 09 de janeiro de 2020
B30: Mônica de Souza Lenzi Baraldi
B31: Engª Civil – SMDU – Projeto e Obras
B32: CREA: 5060266194
B33: ART: 28027230200016823
D72: 120 dias | E72: 120 dias + BDI | F72: 180 | G72: 180 dias + BDI | H72: 180 | I72: 180 dias + BDI
A73: =A9 -> 1 | B73: =B9 -> SERVIÇOS PRELIMINARES E MOBILIZAÇÃO | C73: =C9 -> 9972 | D73: =E9+G9+I9+K9 -> 4820 | E73: =D73*1.25 -> 6025 | F73: 2430.53 | G73: =F73*1.25 -> 3038.1625 | H73: =2430.53 -> 2430.53 | I73: =H73*1.25 -> 3038.1625 | J73: =D73+F73+H73 -> 9681.06 | K73: =C73-D73-F73-H73 -> 290.94
A74: =A10 -> 2 | B74: =B10 -> LIMPEZA | C74: =C10 -> 34415.97 | D74: =E10+G10+I10+K10 -> 25811.978 | E74: =D74*1.25 -> 32264.972 | F74: =C74-D74 -> 8603.9925 | G74: =F74*1.25 -> 10754.991 | I74: =H74*1.25 -> 0 | J74: =D74+F74+H74 -> 34415.97 | K74: =C74-D74-F74-H74 -> 0
A75: =A11 -> 3 | B75: =B11 -> ENSAIOS DE SOLO | C75: =C11 -> 8953.48 | D75: =E11+G11+I11+K11 -> 8953.48 | E75: =D75*1.25 -> 11191.85 | F75: =C75-D75 -> 0 | G75: =F75*1.25 -> 0 | I75: =H75*1.25 -> 0 | J75: =D75+F75+H75 -> 8953.48 | K75: =C75-D75-F75-H75 -> 0
A76: =A12 -> 4 | B76: =B12 -> PRIMEIRA LAGOA | C76: =C12 -> 227380.25 | D76: =E12+G12+I12+K12 -> 227380.25 | E76: =D76*1.25 -> 284225.31 | F76: 69074.03 | G76: =F76*1.25 -> 86342.538 | H76: 69074.03 | I76: =H76*1.25 -> 86342.538 | J76: =D76+F76+H76 -> 365528.31 | K76: =C76-D76-F76-H76 -> -138148.06
A77: =A13 -> 5 | B77: =B13 -> PAVIMENTAÇÃO ENTORNO DA PRIMEIRA LAGOA | C77: =C13 -> 60890.2 | D77: =E13+G13+I13+K13 -> 0 | E77: =D77*1.25 -> 0 | F77: 32501.19 | G77: =F77*1.25 -> 40626.487 | H77: 32501.19 | I77: =H77*1.25 -> 40626.487 | J77: =D77+F77+H77 -> 65002.38 | K77: =C77-D77-F77-H77 -> -4112.18
A78: =A14 -> 6 | B78: =B14 -> SEGUNDA LAGOA | C78: =C14 -> 271321.31 | D78: =E14+G14+I14+K14 -> 0 | E78: =D78*25% -> 0 | F78: 113422.83 | G78: =F78*1.25 -> 141778.54 | H78: 113422.83 | I78: =H78*1.25 -> 141778.54 | J78: =D78+F78+H78 -> 226845.66 | K78: =C78-D78-F78-H78 -> 44475.65
A79: =A15 -> 7 | B79: =B15 -> PAVIMENTAÇÃO ENTORNO DA SEGUNDA LAGOA | C79: =C15 -> 113871.7 | D79: =E15+G15+I15+K15 -> 0 | E79: =D79*25% -> 0 | F79: 53998.73 | G79: =F79*1.25 -> 67498.413 | H79: 53998.73 | I79: =H79*1.25 -> 67498.413 | J79: =D79+F79+H79 -> 107997.46 | K79: =C79-D79-F79-H79 -> 5874.24 | M79: .
A80: =A16 -> 8 | B80: =B16 -> INSTALAÇÕES ELÉTRICAS | C80: =C16 -> 460623.79 | D80: =E16+G16+I16+K16 -> 153541.26 | E80: =D80*25% -> 38385.315 | F80: 222165.35 | G80: =F80*1.25 -> 277706.69 | H80: 222165.35 | I80: =H80*1.25 -> 277706.69 | J80: =D80+F80+H80 -> 597871.96 | K80: =C80-D80-F80-H80 -> -137248.17
A81: =A17 -> 0 | J81: =SUM(J73:J80) -> 1416296.3 | K81: =C81-D81-F81-H81 -> 0
A82: =A18 -> 0 | C82: =SUM(C73:C81) -> 1187428.7 | D82: =SUM(D73:D81) -> 420506.97 | E82: =SUM(E73:E80) -> 372092.45 | F82: =SUM(F73:F80) -> 502196.65 | G82: =SUM(G73:G80) -> 627745.82 | I82: =SUM(I73:I81) -> 616990.82
A83: =A19 -> 0
C84: =C82*1.25 -> 1484285.9
AB106: mmmmm

Sheet Memória de Cálculo
A1: Prefeitura do Município de Amparo Secretaria Municipal de Desenvolvimento Urbano Memória de cálculo
A2: Obra: | B2: PARQUE MUNICIPAL DE AMPARO - 4ª ETAPA
A3: Local: | B3: SP 360 KM 130
A4: Data: | B4: 43440
B5: BOLETIM REFERENCIAL DE CUSTOS - TABELA DE SERVIÇOS - CPOS 176 | E5: SINAPI 26/11/2018 | H5: BDI 25 %
B6: COM DESONERAÇÃO | D6: Vigência: a partir de 01/07/2019 L. S.: 96,21% | E6: DER 30/09/2018
A7: ITEM | B7: FONTE | C7: CÓDIGO | D7: DESCRIÇÃO | E7: UNID. | F7: QUANT. | G7: VALOR UNIT. | H7: TOTAL | I7: Memoria de Cálculo
A8: 1 | D8: SERVIÇOS PRELIMINARES E MOBILIZAÇÃO | H8: =SUBTOTAL(9,H9:H10) -> 9972
A9: 1.1 | B9: CPOS | C9: 02.08.020 | D9: =IF($B9="","",VLOOKUP($C9,'CPOS 176'!$A$17:$AC$10838,3,0)) -> Placa de identificação para obra | E9: =IF($B9="","",VLOOKUP($C9,'CPOS 176'!$A$1:$AC$10838,4,0)) -> m² | F9: 6 | G9: =IF($B9="","",VLOOKUP($C9,'CPOS 176'!$A$17:$AC$10840,7,0)) -> 392.72 | H9: =ROUND(F9*G9,2) -> 2356.32 | I9: 3*2
A10: 1.2 | B10: CPOS | C10: 02.02.130 | D10: =IF($B10="","",VLOOKUP($C10,'CPOS 176'!$A$17:$AC$10838,3,0)) -> Locação de container tipo escritório com 1 vaso sanitário, 1 lavatório e 1 ponto para chuveiro - área mínima de 13,80 m² | E10: =IF($B10="","",VLOOKUP($C10,'CPOS 176'!$A$1:$AC$10838,4,0)) -> unxmês | F10: 12 | G10: =IF($B10="","",VLOOKUP($C10,'CPOS 176'!$A$17:$AC$10840,7,0)) -> 634.64 | H10: =ROUND(F10*G10,2) -> 7615.68 | I10: 12*1
A11: 2 | D11: LIMPEZA | H11: =SUBTOTAL(9,H12:H14) -> 34415.97
A12: 2.1 | B12: CPOS | C12: 03.02.040 | D12: =IF($B12="","",VLOOKUP($C12,'CPOS 176'!$A$17:$AC$10838,3,0)) -> Demolição manual de alvenaria de elevação ou elemento vazado, incluindo revestimento | E12: =IF($B12="","",VLOOKUP($C12,'CPOS 176'!$A$1:$AC$10838,4,0)) -> m³ | F12: 8 | G12: =IF($B12="","",VLOOKUP($C12,'CPOS 176'!$A$17:$AC$10840,7,0)) -> 54 | H12: =ROUND(F12*G12,2) -> 432 | I12: 17,78 * 0,15 * 3,00
A13: 2.2 | B13: CPOS | C13: 02.09.130 | D13: =IF($B13="","",VLOOKUP($C13,'CPOS 176'!$A$17:$AC$10838,3,0)) -> Limpeza mecanizada do terreno, inclusive troncos com diâmetro acima de 15 cm até 50 cm, com caminhão à disposição dentro da obra, até o raio de 1 km | E13: =IF($B13="","",VLOOKUP($C13,'CPOS 176'!$A$1:$AC$10838,4,0)) -> m² | F13: 13000 | G13: =IF($B13="","",VLOOKUP($C13,'CPOS 176'!$A$17:$AC$10840,7,0)) -> 2.41 | H13: =ROUND(F13*G13,2) -> 31330 | I13: área de projeto correpondente as 2 lagoas e pavimentação
A14: 2.3 | B14: DER | C14: 24.02.04.99 | D14: CORTA-RIO ESCAVACAO SEM EXPLOSIVO | E14: M3 | F14: =230*1.1*1 -> 253 | G14: 10.49 | H14: =ROUND(F14*G14,2) -> 2653.97 | I14: 230,00 metros x (1,20 + 1,10 ) / 2 x 1,00
A15: 3 | D15: ENSAIOS DE SOLO | E15: =IF($B15="","",VLOOKUP($C15,#REF!,4,0)) | G15: =IF($B15="","",VLOOKUP($C15,#REF!,7,0)) | H15: =SUBTOTAL(9,H16:H25) -> 8953.48
A16: 3.1 | B16: CPOS | C16: 01.21.010 | D16: =IF($B16="","",VLOOKUP($C16,'CPOS 176'!$A$17:$AC$10838,3,0)) -> Taxa de mobilização e desmobilização de equipamentos para execução de sondagem | E16: =IF($B16="","",VLOOKUP($C16,'CPOS 176'!$A$1:$AC$10838,4,0)) -> tx | F16: 1 | G16: =IF($B16="","",VLOOKUP($C16,'CPOS 176'!$A$17:$AC$10840,7,0)) -> 971.46 | H16: =ROUND(F16*G16,2) -> 971.46
A17: 3.2 | B17: CPOS | C17: 01.21.110 | D17: =IF($B17="","",VLOOKUP($C17,'CPOS 176'!$A$17:$AC$10838,3,0)) -> Sondagem do terreno à percussão (mínimo de 30 m) | E17: =IF($B17="","",VLOOKUP($C17,'CPOS 176'!$A$1:$AC$10838,4,0)) -> m | F17: 40 | G17: =IF($B17="","",VLOOKUP($C17,'CPOS 176'!$A$17:$AC$10840,7,0)) -> 102.01 | H17: =ROUND(F17*G17,2) -> 4080.4
A18: 3.3 | B18: CPOS | C18: 01.21.100 | D18: =IF($B18="","",VLOOKUP($C18,'CPOS 176'!$A$17:$AC$10838,3,0)) -> Sondagem do terreno a trado | E18: =IF($B18="","",VLOOKUP($C18,'CPOS 176'!$A$1:$AC$10838,4,0)) -> m | F18: 6 | G18: =IF($B18="","",VLOOKUP($C18,'CPOS 176'!$A$17:$AC$10840,7,0)) -> 85.79 | H18: =ROUND(F18*G18,2) -> 514.74
A19: 3.4 | B19: SINAPI | C19: 74022/7 | D19: ENSAIO DE GRANULOMETRIA POR PENEIRAMENTO E SEDIMENTACAO - SOLOS | E19: ENSAIO | F19: =$F$18 -> 6 | G19: 157.73 | H19: =ROUND(F19*G19,2) -> 946.38 | I19: ensaios para pontos determinados após s escavações
A20: 3.5 | B20: SINAPI | C20: 74022/24 | D20: ENSAIO DE TEOR DE UMIDADE - EM LABORATORIO - SOLOS | E20: ENSAIO | F20: =$F$18 -> 6 | G20: 66.41 | H20: =ROUND(F20*G20,2) -> 398.46 | I20: ensaios para pontos determinados após s escavações
A21: 3.6 | B21: SINAPI | C21: 74022/8 | D21: ENSAIO DE LIMITE DE LIQUIDEZ - SOLOS | E21: ENSAIO | F21: =$F$18 -> 6 | G21: 83.02 | H21: =ROUND(F21*G21,2) -> 498.12 | I21: ensaios para pontos determinados após s escavações
A22: 3.7 | B22: SINAPI | C22: 74022/9 | D22: ENSAIO DE LIMITE DE PLASTICIDADE - SOLOS | E22: ENSAIO | F22: =$F$18 -> 6 | G22: 74.71 | H22: =ROUND(F22*G22,2) -> 448.26 | I22: ensaios para pontos determinados após s escavações
A23: 3.8 | B23: SINAPI | C23: 74022/16 | D23: ENSAIO DE DENSIDADE REAL - SOLOS | E23: UN | F23: =$F$18 -> 6 | G23: 74.71 | H23: =ROUND(F23*G23,2) -> 448.26 | I23: ensaios para pontos determinados após s escavações
A24: 3.9 | B24: SINAPI | C24: 74022/23 | D24: ENSAIO DE TEOR DE UMIDADE - PROCESSO SPEEDY - SOLOS E AGREGADOS MIUDOS | E24: UN | F24: =$F$18 -> 6 | G24: 49.8 | H24: =ROUND(F24*G24,2) -> 298.8 | I24: ensaios para pontos determinados após s escavações
A25: 3.10 | B25: SINAPI | C25: 74022/14 | D25: ENSAIO DE MASSA ESPECIFICA - IN SITU - METODO FRASCO DE AREIA - SOLOS | E25: UN | F25: =$F$18 -> 6 | G25: 58.1 | H25: =ROUND(F25*G25,2) -> 348.6 | I25: ensaios necessários na barragem após execução
A26: 4 | D26: PRIMEIRA LAGOA | H26: =SUBTOTAL(9,H27:H57) -> 227380.25
A27: 4.1 | D27: ABERTURA
A28: 4.1.1 | B28: CPOS | C28: 02.10.060 | D28: =IF($B28="","",VLOOKUP($C28,'CPOS 176'!$A$17:$AC$10838,3,0)) -> Locação de vias, calçadas, tanques e lagoas | E28: =IF($B28="","",VLOOKUP($C28,'CPOS 176'!$A$1:$AC$10838,4,0)) -> m² | F28: 3115.4 | G28: =IF($B28="","",VLOOKUP($C28,'CPOS 176'!$A$17:$AC$10840,7,0)) -> 1.08 | H28: =ROUND(F28*G28,2) -> 3364.63 | I28: Área de projeto anexo 5 na cota 839,00 m
A29: 4.1.2 | B29: CPOS | C29: 07.05.020 | D29: =IF($B29="","",VLOOKUP($C29,'CPOS 176'!$A$17:$AC$10838,3,0)) -> Escavação e carga mecanizada em solo vegetal superficial | E29: =IF($B29="","",VLOOKUP($C29,'CPOS 176'!$A$1:$AC$10838,4,0)) -> m³ | F29: =F28*0.1 -> 311.54 | G29: =IF($B29="","",VLOOKUP($C29,'CPOS 176'!$A$17:$AC$10840,7,0)) -> 21.31 | H29: =ROUND(F29*G29,2) -> 6638.92 | I29: Área de projeto anexo 5 na cota 839,00 m x 0,10 m
A30: 4.1.5 | B30: CPOS | C30: 07.01.020 | D30: =IF($B30="","",VLOOKUP($C30,'CPOS 176'!$A$17:$AC$10838,3,0)) -> Escavação e carga mecanizada em solo de 1ª categoria, em campo aberto | E30: =IF($B30="","",VLOOKUP($C30,'CPOS 176'!$A$1:$AC$10838,4,0)) -> m³ | F30: 4363.2 | G30: =IF($B30="","",VLOOKUP($C30,'CPOS 176'!$A$17:$AC$10840,7,0)) -> 8.79 | H30: =ROUND(F30*G30,2) -> 38352.53 | I30: Projeto complementar de movimentação de solo
A31: 4.1.6 | B31: CPOS | C31: 05.10.020 | D31: =IF($B31="","",VLOOKUP($C31,'CPOS 176'!$A$17:$AC$10838,3,0)) -> Transporte de solo de 1ª e 2ª categoria por caminhão até o 2° km | E31: =IF($B31="","",VLOOKUP($C31,'CPOS 176'!$A$1:$AC$10838,4,0)) -> m³ | F31: =F30*1.3 -> 5672.16 | G31: =IF($B31="","",VLOOKUP($C31,'CPOS 176'!$A$17:$AC$10840,7,0)) -> 4.68 | H31: =ROUND(F31*G31,2) -> 26545.71 | I31: Volume escavado + 30 %
A32: 4.2 | D32: BARRAGEM | E32: =IF($B32="","",VLOOKUP($C32,'CPOS 176'!$A$1:$AC$10838,4,0)) | G32: =IF($B32="","",VLOOKUP($C32,'CPOS 176'!$A$17:$AC$10840,7,0))
A33: 4.2.1 | B33: CPOS | C33: 03.01.040 | D33: =IF($B33="","",VLOOKUP($C33,'CPOS 176'!$A$17:$AC$10838,3,0)) -> Demolição manual de concreto armado | E33: =IF($B33="","",VLOOKUP($C33,'CPOS 176'!$A$1:$AC$10838,4,0)) -> m³ | F33: =3.8*1.05*0.4+0.4^3+0.25*0.25*0.4 -> 1.685 | G33: =IF($B33="","",VLOOKUP($C33,'CPOS 176'!$A$17:$AC$10840,7,0)) -> 270 | H33: =ROUND(F33*G33,2) -> 454.95 | I33: extravasor 3,80 x 1,05 x 0,40 m + passagem tubo de 40 mm= 0,40 x 0,40 x 0,40 m + passagem tubo de 25 mm = 0,25 x 0,25 x 0,40 m
A34: 4.2.2 | B34: CPOS | C34: 07.02.020 | D34: =IF($B34="","",VLOOKUP($C34,'CPOS 176'!$A$17:$AC$10838,3,0)) -> Escavação mecanizada de valas ou cavas com profundidade de até 2 m | E34: =IF($B34="","",VLOOKUP($C34,'CPOS 176'!$A$1:$AC$10838,4,0)) -> m³ | F34: =(2.5*1+(1.32+0.5)/2)*47.46 -> 161.8386 | G34: =IF($B34="","",VLOOKUP($C34,'CPOS 176'!$A$17:$AC$10840,7,0)) -> 6.56 | H34: =ROUND(F34*G34,2) -> 1061.66 | I34: fundação da barragem 2,50 m x 1,00 x 47,46 m + dreno = (1,32 m + 0,50 m) / 2 x 1,00 m x 47,46 m
A35: 4.2.3 | B35: CPOS | C35: 07.01.010 | D35: =IF($B35="","",VLOOKUP($C35,'CPOS 176'!$A$17:$AC$10838,3,0)) -> Escavação e carga mecanizada para exploração de solo em jazida | E35: =IF($B35="","",VLOOKUP($C35,'CPOS 176'!$A$1:$AC$10838,4,0)) -> m³ | F35: =(6*3/2+3.2*3+9*3/2+2.5*1)*47.46*1.3 -> 2134.7508 | G35: =IF($B35="","",VLOOKUP($C35,'CPOS 176'!$A$17:$AC$10840,7,0)) -> 8.55 | H35: =ROUND(F35*G35,2) -> 18252.12 | I35: Talude jusante = 6,00 x 3,00 / 2 x 47,46 m +30 %+ Crista = 3,20 x 3,00 m x 47,46 m + 30 % + Talude montante = 9,00 x 3,00 / 2 x 47,46 m + 30%+ Cut off = 2,50 x 1,00 x 47,46 m + 30 %
A36: 4.2.4 | B36: CPOS | C36: 05.10.020 | D36: =IF($B36="","",VLOOKUP($C36,'CPOS 176'!$A$17:$AC$10838,3,0)) -> Transporte de solo de 1ª e 2ª categoria por caminhão até o 2° km | E36: =IF($B36="","",VLOOKUP($C36,'CPOS 176'!$A$1:$AC$10838,4,0)) -> m³ | F36: =F35 -> 2134.7508 | G36: =IF($B36="","",VLOOKUP($C36,'CPOS 176'!$A$17:$AC$10840,7,0)) -> 4.68 | H36: =ROUND(F36*G36,2) -> 9990.63 | I36: iten 4.2.3
A37: 4.2.5 | B37: CPOS | C37: 07.12.030 | D37: =IF($B37="","",VLOOKUP($C37,'CPOS 176'!$A$17:$AC$10838,3,0)) -> Compactação de aterro mecanizado a 100% PN, sem fornecimento de solo em campo aberto | E37: =IF($B37="","",VLOOKUP($C37,'CPOS 176'!$A$1:$AC$10838,4,0)) -> m³ | F37: =(6*3/2+3.2*3+9*3/2+2.5*1)*47.46 -> 1642.116 | G37: =IF($B37="","",VLOOKUP($C37,'CPOS 176'!$A$17:$AC$10840,7,0)) -> 6.71 | H37: =ROUND(F37*G37,2) -> 11018.6 | I37: Talude jusante = 6,00 x 3,00 / 2 x 47,46 m + Crista = 3,20 x 3,00 m x 47,46 m + Talude montante = 9,00 x 3,00 / 2 x 47,46 m + Cut off = 2,50 x 1,00 x 47,46 m +
A38: 4.2.6 | B38: CPOS | C38: 09.01.020 | D38: =IF($B38="","",VLOOKUP($C38,'CPOS 176'!$A$17:$AC$10838,3,0)) -> Forma em madeira comum para fundação | E38: =IF($B38="","",VLOOKUP($C38,'CPOS 176'!$A$1:$AC$10838,4,0)) -> m² | F38: =1.2*2.78*3+27.77+22.93+1.7*1.75+2.4*1.7 -> 67.763 | G38: =IF($B38="","",VLOOKUP($C38,'CPOS 176'!$A$17:$AC$10840,7,0)) -> 59.86 | H38: =ROUND(F38*G38,2) -> 4056.29 | I38: Piso 1,20 x 2,78 x 3 + Parede (27,77 m² +22,93 m²) + Turbina 1,70 x 1,75 + 2,40 x 1,70 m
A39: 4.2.7 | B39: CPOS | C39: 10.01.040 | D39: =IF($B39="","",VLOOKUP($C39,'CPOS 176'!$A$17:$AC$10838,3,0)) -> Armadura em barra de aço CA-50 (A ou B) fyk = 500 MPa | E39: =IF($B39="","",VLOOKUP($C39,'CPOS 176'!$A$1:$AC$10838,4,0)) -> kg | F39: =F40*90 -> 2130.3684 | G39: =IF($B39="","",VLOOKUP($C39,'CPOS 176'!$A$17:$AC$10840,7,0)) -> 6.56 | H39: =ROUND(F39*G39,2) -> 13975.22 | I39: 90 kg/m³
A40: 4.2.8 | B40: CPOS | C40: 11.01.100 | D40: =IF($B40="","",VLOOKUP($C40,'CPOS 176'!$A$17:$AC$10838,3,0)) -> Concreto usinado, fck = 20 MPa | E40: =IF($B40="","",VLOOKUP($C40,'CPOS 176'!$A$1:$AC$10838,4,0)) -> m³ | F40: =(16.86*2.78+1.2*2.78*3+27.77+22.93+1.7*1.75+2.4*1.7+1.55*2.4)*0.2 -> 23.67076 | G40: =IF($B40="","",VLOOKUP($C40,'CPOS 176'!$A$17:$AC$10840,7,0)) -> 268.64 | H40: =ROUND(F40*G40,2) -> 6358.91 | I40: Piso (16,86 x 2,78 + 1,20 x 2,78 x 3) x 0,20 + Parede (27,77 m² +22,93 m²) x 0,20 + Turbina (1,70 x 1,75 + 2,40 x 1,70 m + 1,55 x 2,40) x 0,20 | J40: =(2.4*3 +1.2*3+9.6)*2.78 -> 56.712
A41: 4.2.9 | B41: CPOS | C41: 11.16.040 | D41: =IF($B41="","",VLOOKUP($C41,'CPOS 176'!$A$17:$AC$10838,3,0)) -> Lançamento e adensamento de concreto ou massa em fundação | E41: =IF($B41="","",VLOOKUP($C41,'CPOS 176'!$A$1:$AC$10838,4,0)) -> m³ | F41: =F40 -> 23.67076 | G41: =IF($B41="","",VLOOKUP($C41,'CPOS 176'!$A$17:$AC$10840,7,0)) -> 113.84 | H41: =ROUND(F41*G41,2) -> 2694.68 | I41: 56,71*2,20
A42: 4.2.10 | B42: CPOS | C42: 08.06.040 | D42: =IF($B42="","",VLOOKUP($C42,'CPOS 176'!$A$17:$AC$10838,3,0)) -> Barbacã em tubo de PVC com diâmetro 50 mm | E42: =IF($B42="","",VLOOKUP($C42,'CPOS 176'!$A$1:$AC$10838,4,0)) -> m | F42: =0.2*3*3 -> 1.8 | G42: =IF($B42="","",VLOOKUP($C42,'CPOS 176'!$A$17:$AC$10840,7,0)) -> 17.8 | H42: =ROUND(F42*G42,2) -> 32.04 | I42: 0,20 m x 3 un/degrau x 3 degraus
A43: 4.2.11 | B43: CPOS | C43: 08.05.100 | D43: =IF($B43="","",VLOOKUP($C43,'CPOS 176'!$A$17:$AC$10838,3,0)) -> Dreno com pedra britada | E43: =IF($B43="","",VLOOKUP($C43,'CPOS 176'!$A$1:$AC$10838,4,0)) -> m³ | F43: =(1.32+0.5)/2*47.46 -> 43.1886 | G43: =IF($B43="","",VLOOKUP($C43,'CPOS 176'!$A$17:$AC$10840,7,0)) -> 91.87 | H43: =ROUND(F43*G43,2) -> 3967.74 | I43: Dreno de pé = (1,32 + 0,50)/2 x 47,46 m | J43: =1.32*1*47.46 -> 62.6472
A44: 4.2.12 | B44: CPOS | C44: 08.05.190 | D44: =IF($B44="","",VLOOKUP($C44,'CPOS 176'!$A$17:$AC$10838,3,0)) -> Manta geotêxtil com resistência à tração longitudinal de 16kN/m e transversal de 14kN/m | E44: =IF($B44="","",VLOOKUP($C44,'CPOS 176'!$A$1:$AC$10838,4,0)) -> m² | F44: =(0.5+1.1*2+1.32+0.2)*47.46 -> 200.2812 | G44: =IF($B44="","",VLOOKUP($C44,'CPOS 176'!$A$17:$AC$10840,7,0)) -> 13.36 | H44: =ROUND(F44*G44,2) -> 2675.76 | I44: Revestir dreno de pé = (0,50 + 1,10 x 2 +1,32 + 0,20) x 47,46 m
A45: 4.2.13 | B45: CPOS | C45: 46.03.060 | D45: =IF($B45="","",VLOOKUP($C45,'CPOS 176'!$A$17:$AC$10838,3,0)) -> Tubo de PVC rígido PxB com virola e anel de borracha, linha esgoto série reforçada ´R´. DN= 150 mm, inclusive conexões | E45: =IF($B45="","",VLOOKUP($C45,'CPOS 176'!$A$1:$AC$10838,4,0)) -> m | F45: 18.44 | G45: =IF($B45="","",VLOOKUP($C45,'CPOS 176'!$A$17:$AC$10840,7,0)) -> 105.44 | H45: =ROUND(F45*G45,2) -> 1944.31 | I45: Tubo roda d'água conforme projeto
A46: 4.3 | D46: ACABAMENTO MARGEM LAGOA | E46: =IF($B46="","",VLOOKUP($C46,'CPOS 176'!$A$1:$AC$10838,4,0)) | G46: =IF($B46="","",VLOOKUP($C46,'CPOS 176'!$A$17:$AC$10840,7,0))
A47: 4.3.1 | B47: CPOS | C47: 08.10.108 | D47: =IF($B47="","",VLOOKUP($C47,'CPOS 176'!$A$17:$AC$10838,3,0)) -> Gabião tipo caixa em tela metálica, altura de 0,5 m, com revestimento liga zinco/alumínio, malha hexagonal 8/10 cm, fio diâmetro 2,7 mm, independente do formato ou utilização | E47: =IF($B47="","",VLOOKUP($C47,'CPOS 176'!$A$1:$AC$10838,4,0)) -> m³ | F47: =222.3*0.5*1 -> 111.15 | G47: =IF($B47="","",VLOOKUP($C47,'CPOS 176'!$A$17:$AC$10840,7,0)) -> 550.54 | H47: =ROUND(F47*G47,2) -> 61192.52 | I47: perimetro da lagoa * volume gabião = 222,30*0,50*1*1
A48: 4.3.2 | B48: CPOS | C48: 34.02.100 | D48: =IF($B48="","",VLOOKUP($C48,'CPOS 176'!$A$17:$AC$10838,3,0)) -> Plantio de grama esmeralda em placas (jardins e canteiros) | E48: =IF($B48="","",VLOOKUP($C48,'CPOS 176'!$A$1:$AC$10838,4,0)) -> m² | F48: =(3115.4-2417.5)*1.41 -> 984.039 | G48: =IF($B48="","",VLOOKUP($C48,'CPOS 176'!$A$17:$AC$10840,7,0)) -> 8.85 | H48: =ROUND(F48*G48,2) -> 8708.75 | I48: (Área na cota 839 - área na cota 838) x 1,41 inclinação de talude
A49: 4.4 | D49: MONGE | E49: =IF($B49="","",VLOOKUP($C49,'CPOS 176'!$A$1:$AC$10838,4,0)) | G49: =IF($B49="","",VLOOKUP($C49,'CPOS 176'!$A$17:$AC$10840,7,0))
A50: 4.4.1 | B50: CPOS | C50: 12.01.040 | D50: =IF($B50="","",VLOOKUP($C50,'CPOS 176'!$A$17:$AC$10838,3,0)) -> Broca em concreto armado diâmetro de 25 cm - completa | E50: =IF($B50="","",VLOOKUP($C50,'CPOS 176'!$A$1:$AC$10838,4,0)) -> m | F50: 12 | G50: =IF($B50="","",VLOOKUP($C50,'CPOS 176'!$A$17:$AC$10840,7,0)) -> 51.58 | H50: =ROUND(F50*G50,2) -> 618.96 | I50: 6 brocas x 2,00 m
A51: 4.4.2 | B51: CPOS | C51: 09.01.020 | D51: =IF($B51="","",VLOOKUP($C51,'CPOS 176'!$A$17:$AC$10838,3,0)) -> Forma em madeira comum para fundação | E51: =IF($B51="","",VLOOKUP($C51,'CPOS 176'!$A$1:$AC$10838,4,0)) -> m² | F51: =0.9+15.4+2.64*2 -> 21.58 | G51: =IF($B51="","",VLOOKUP($C51,'CPOS 176'!$A$17:$AC$10840,7,0)) -> 59.86 | H51: =ROUND(F51*G51,2) -> 1291.78 | I51: Laje 0,90 m² + muro 20,68 m²
A52: 4.4.3 | B52: CPOS | C52: 10.01.040 | D52: =IF($B52="","",VLOOKUP($C52,'CPOS 176'!$A$17:$AC$10838,3,0)) -> Armadura em barra de aço CA-50 (A ou B) fyk = 500 MPa | E52: =IF($B52="","",VLOOKUP($C52,'CPOS 176'!$A$1:$AC$10838,4,0)) -> kg | F52: 233.6 | G52: =IF($B52="","",VLOOKUP($C52,'CPOS 176'!$A$17:$AC$10840,7,0)) -> 6.56 | H52: =ROUND(F52*G52,2) -> 1532.42 | I52: 80 kg/m³
A53: 4.4.4 | B53: CPOS | C53: 11.01.160 | D53: =IF($B53="","",VLOOKUP($C53,'CPOS 176'!$A$17:$AC$10838,3,0)) -> Concreto usinado, fck = 30 MPa | E53: =IF($B53="","",VLOOKUP($C53,'CPOS 176'!$A$1:$AC$10838,4,0)) -> m³ | F53: =0.4+1.46+0.22*2 -> 2.3 | G53: =IF($B53="","",VLOOKUP($C53,'CPOS 176'!$A$17:$AC$10840,7,0)) -> 290.36 | H53: =ROUND(F53*G53,2) -> 667.83 | I53: Laje 0,40 m³ + muro 1,90 m³
A54: 4.4.5 | B54: CPOS | C54: 11.16.040 | D54: =IF($B54="","",VLOOKUP($C54,'CPOS 176'!$A$17:$AC$10838,3,0)) -> Lançamento e adensamento de concreto ou massa em fundação | E54: =IF($B54="","",VLOOKUP($C54,'CPOS 176'!$A$1:$AC$10838,4,0)) -> m³ | F54: =F53 -> 2.3 | G54: =IF($B54="","",VLOOKUP($C54,'CPOS 176'!$A$17:$AC$10840,7,0)) -> 113.84 | H54: =ROUND(F54*G54,2) -> 261.83 | I54: Laje 0,40 m³ + muro 1,90 m³
A55: 4.4.6 | B55: CPOS | C55: 22.01.210 | D55: =IF($B55="","",VLOOKUP($C55,'CPOS 176'!$A$17:$AC$10838,3,0)) -> Testeira em tábua aparelhada, largura até 20 cm | E55: =IF($B55="","",VLOOKUP($C55,'CPOS 176'!$A$1:$AC$10838,4,0)) -> m | F55: =18*0.69 -> 12.42 | G55: =IF($B55="","",VLOOKUP($C55,'CPOS 176'!$A$17:$AC$10840,7,0)) -> 21.84 | H55: =ROUND(F55*G55,2) -> 271.25 | I55: 18 pranchas x 0,69 m
A56: 4.4.7 | B56: CPOS | C56: 42.05.542 | D56: =IF($B56="","",VLOOKUP($C56,'CPOS 176'!$A$17:$AC$10838,3,0)) -> Tela equipotencial em aço inoxidável, largura de 200 mm, espessura de 1,4 mm | E56: =IF($B56="","",VLOOKUP($C56,'CPOS 176'!$A$1:$AC$10838,4,0)) -> m | F56: 0.69 | G56: =IF($B56="","",VLOOKUP($C56,'CPOS 176'!$A$17:$AC$10840,7,0)) -> 53.58 | H56: =ROUND(F56*G56,2) -> 36.97 | I56: 0,69 m
A57: 4.4.8 | B57: CPOS | C57: 46.12.060 | D57: =IF($B57="","",VLOOKUP($C57,'CPOS 176'!$A$17:$AC$10838,3,0)) -> Tubo de concreto (PS-2), DN= 400mm | E57: =IF($B57="","",VLOOKUP($C57,'CPOS 176'!$A$1:$AC$10838,4,0)) -> m | F57: 19.45 | G57: =IF($B57="","",VLOOKUP($C57,'CPOS 176'!$A$17:$AC$10840,7,0)) -> 72.66 | H57: =ROUND(F57*G57,2) -> 1413.24 | I57: projeto
A58: 5 | D58: PAVIMENTAÇÃO ENTORNO DA PRIMEIRA LAGOA | H58: =SUBTOTAL(9,H59:H63) -> 60890.2
A59: 5.1 | B59: CPOS | C59: 02.10.060 | D59: =IF($B59="","",VLOOKUP($C59,'CPOS 176'!$A$17:$AC$10838,3,0)) -> Locação de vias, calçadas, tanques e lagoas | E59: =IF($B59="","",VLOOKUP($C59,'CPOS 176'!$A$1:$AC$10838,4,0)) -> m² | F59: =215.85*3.5 -> 755.475 | G59: =IF($B59="","",VLOOKUP($C59,'CPOS 176'!$A$17:$AC$10840,7,0)) -> 1.08 | H59: =ROUND(F59*G59,2) -> 815.91 | I59: 215,85 m x 3,50 m
A60: 5.2 | B60: CPOS | C60: 02.09.040 | D60: =IF($B60="","",VLOOKUP($C60,'CPOS 176'!$A$17:$AC$10838,3,0)) -> Limpeza mecanizada do terreno, inclusive troncos até 15 cm de diâmetro, com caminhão à disposição dentro e fora da obra, com transporte no raio de até 1 km | E60: =IF($B60="","",VLOOKUP($C60,'CPOS 176'!$A$1:$AC$10838,4,0)) -> m² | F60: =F59 -> 755.475 | G60: =IF($B60="","",VLOOKUP($C60,'CPOS 176'!$A$17:$AC$10840,7,0)) -> 2.26 | H60: =ROUND(F60*G60,2) -> 1707.37 | I60: 215,85 m x 3,50 m
A61: 5.3 | B61: CPOS | C61: 54.01.010 | D61: =IF($B61="","",VLOOKUP($C61,'CPOS 176'!$A$17:$AC$10838,3,0)) -> Regularização e compactação mecanizada de superfície, sem controle do proctor normal | E61: =IF($B61="","",VLOOKUP($C61,'CPOS 176'!$A$1:$AC$10838,4,0)) -> m² | F61: =F59 -> 755.475 | G61: =IF($B61="","",VLOOKUP($C61,'CPOS 176'!$A$17:$AC$10840,7,0)) -> 1.96 | H61: =ROUND(F61*G61,2) -> 1480.73 | I61: 755,48 m x 3,50 x 0,20 m
A62: 5.4 | B62: CPOS | C62: 54.04.340 | D62: =IF($B62="","",VLOOKUP($C62,'CPOS 176'!$A$17:$AC$10838,3,0)) -> Pavimentação em lajota de concreto 35 MPa, espessura 6 cm, cor natural, tipos: raquete, retangular, sextavado e 16 faces, com rejunte em areia | E62: =IF($B62="","",VLOOKUP($C62,'CPOS 176'!$A$1:$AC$10838,4,0)) -> m² | F62: =F59 -> 755.475 | G62: =IF($B62="","",VLOOKUP($C62,'CPOS 176'!$A$17:$AC$10840,7,0)) -> 54.15 | H62: =ROUND(F62*G62,2) -> 40908.97 | I62: 215,85 m x 3,50 m
A63: 5.5 | B63: CPOS | C63: 54.06.040 | D63: =IF($B63="","",VLOOKUP($C63,'CPOS 176'!$A$17:$AC$10838,3,0)) -> Guia pré-moldada reta tipo PMSP 100 - fck 25 MPa | E63: =IF($B63="","",VLOOKUP($C63,'CPOS 176'!$A$1:$AC$10838,4,0)) -> m | F63: =212.15+219.55 -> 431.7 | G63: =IF($B63="","",VLOOKUP($C63,'CPOS 176'!$A$17:$AC$10840,7,0)) -> 37.01 | H63: =ROUND(F63*G63,2) -> 15977.22 | I63: levantado em projeto
A64: 6 | D64: SEGUNDA LAGOA | H64: =SUBTOTAL(9,H65:H90) -> 271321.31
A65: 6.1 | D65: ABERTURA
A66: 6.1.1 | B66: CPOS | C66: 02.10.060 | D66: =IF($B66="","",VLOOKUP($C66,'CPOS 176'!$A$17:$AC$10838,3,0)) -> Locação de vias, calçadas, tanques e lagoas | E66: =IF($B66="","",VLOOKUP($C66,'CPOS 176'!$A$1:$AC$10838,4,0)) -> m² | F66: 2381.5 | G66: =IF($B66="","",VLOOKUP($C66,'CPOS 176'!$A$17:$AC$10840,7,0)) -> 1.08 | H66: =ROUND(F66*G66,2) -> 2572.02 | I66: Área de projeto anexo 5
A67: 6.1.2 | B67: CPOS | C67: 07.05.020 | D67: =IF($B67="","",VLOOKUP($C67,'CPOS 176'!$A$17:$AC$10838,3,0)) -> Escavação e carga mecanizada em solo vegetal superficial | E67: =IF($B67="","",VLOOKUP($C67,'CPOS 176'!$A$1:$AC$10838,4,0)) -> m³ | F67: =F66*0.1 -> 238.15 | G67: =IF($B67="","",VLOOKUP($C67,'CPOS 176'!$A$17:$AC$10840,7,0)) -> 21.31 | H67: =ROUND(F67*G67,2) -> 5074.98 | I67: Área x 0,10 m
A68: 6.1.3 | B68: CPOS | C68: 07.01.020 | D68: =IF($B68="","",VLOOKUP($C68,'CPOS 176'!$A$17:$AC$10838,3,0)) -> Escavação e carga mecanizada em solo de 1ª categoria, em campo aberto | E68: =IF($B68="","",VLOOKUP($C68,'CPOS 176'!$A$1:$AC$10838,4,0)) -> m³ | F68: 8000.15 | G68: =IF($B68="","",VLOOKUP($C68,'CPOS 176'!$A$17:$AC$10840,7,0)) -> 8.79 | H68: =ROUND(F68*G68,2) -> 70321.32 | I68: Projeto complementar de movimentação de solo
A69: 6.1.4 | B69: CPOS | C69: 05.10.030 | D69: =IF($B69="","",VLOOKUP($C69,'CPOS 176'!$A$17:$AC$10838,3,0)) -> Transporte de solo brejoso por caminhão até o 2° km | E69: =IF($B69="","",VLOOKUP($C69,'CPOS 176'!$A$1:$AC$10838,4,0)) -> m³ | F69: =F68*1.3 -> 10400.195 | G69: =IF($B69="","",VLOOKUP($C69,'CPOS 176'!$A$17:$AC$10840,7,0)) -> 8.05 | H69: =ROUND(F69*G69,2) -> 83721.57 | I69: Volume escavado + 30 %
A70: 6.2 | D70: BARRAGEM | E70: =IF($B70="","",VLOOKUP($C70,'CPOS 176'!$A$1:$AC$10838,4,0)) | G70: =IF($B70="","",VLOOKUP($C70,'CPOS 176'!$A$17:$AC$10840,7,0))
A71: 6.2.1 | B71: CPOS | C71: 07.02.020 | D71: =IF($B71="","",VLOOKUP($C71,'CPOS 176'!$A$17:$AC$10838,3,0)) -> Escavação mecanizada de valas ou cavas com profundidade de até 2 m | E71: =IF($B71="","",VLOOKUP($C71,'CPOS 176'!$A$1:$AC$10838,4,0)) -> m³ | F71: =3.6*1*28.32 -> 101.952 | G71: =IF($B71="","",VLOOKUP($C71,'CPOS 176'!$A$17:$AC$10840,7,0)) -> 6.56 | H71: =ROUND(F71*G71,2) -> 668.81 | I71: fundação da barragem 3,60 x 1,00 x 28,32 m
A72: 6.2.2 | B72: CPOS | C72: 07.01.010 | D72: =IF($B72="","",VLOOKUP($C72,'CPOS 176'!$A$17:$AC$10838,3,0)) -> Escavação e carga mecanizada para exploração de solo em jazida | E72: =IF($B72="","",VLOOKUP($C72,'CPOS 176'!$A$1:$AC$10838,4,0)) -> m³ | F72: =(6*3/2+3.6*3+9*3/2+3.6*1)*28.32*1.3 -> 1358.5104 | G72: =IF($B72="","",VLOOKUP($C72,'CPOS 176'!$A$17:$AC$10840,7,0)) -> 8.55 | H72: =ROUND(F72*G72,2) -> 11615.26 | I72: Talude jusante = 6,00 x 3,00 / 2 x 28,32 m +30 %+ Crista = 3,60 x 3,00 m x 28,32 m + 30 % + Talude montante = 9,00 x 3,00 / 2 x 28,32 m + 30%+ Cut off = 3,60 x 1,00 x 28,32 m + 30 %
A73: 6.2.3 | B73: CPOS | C73: 05.10.020 | D73: =IF($B73="","",VLOOKUP($C73,'CPOS 176'!$A$17:$AC$10838,3,0)) -> Transporte de solo de 1ª e 2ª categoria por caminhão até o 2° km | E73: =IF($B73="","",VLOOKUP($C73,'CPOS 176'!$A$1:$AC$10838,4,0)) -> m³ | F73: =F72 -> 1358.5104 | G73: =IF($B73="","",VLOOKUP($C73,'CPOS 176'!$A$17:$AC$10840,7,0)) -> 4.68 | H73: =ROUND(F73*G73,2) -> 6357.83 | I73: Talude jusante = 6,00 x 3,00 / 2 x 28,32 m +30 %+ Crista = 3,60 x 3,00 m x 28,32 m + 30 % + Talude montante = 9,00 x 3,00 / 2 x 28,32 m + 30%+ Cut off = 3,60 x 1,00 x 28,32 m + 30 %
A74: 6.2.4 | B74: CPOS | C74: 07.12.030 | D74: =IF($B74="","",VLOOKUP($C74,'CPOS 176'!$A$17:$AC$10838,3,0)) -> Compactação de aterro mecanizado a 100% PN, sem fornecimento de solo em campo aberto | E74: =IF($B74="","",VLOOKUP($C74,'CPOS 176'!$A$1:$AC$10838,4,0)) -> m³ | F74: =F73/1.3 -> 1045.008 | G74: =IF($B74="","",VLOOKUP($C74,'CPOS 176'!$A$17:$AC$10840,7,0)) -> 6.71 | H74: =ROUND(F74*G74,2) -> 7012 | I74: Talude jusante = 6,00 x 3,00 / 2 x 28,32 m + Crista = 3,60 x 3,00 m x 28,32 m + Talude montante = 9,00 x 3,00 / 2 x 28,32 m + Cut off = 3,60 x 1,00 x 28,32 m
A75: 6.2.5 | B75: CPOS | C75: 09.01.020 | D75: =IF($B75="","",VLOOKUP($C75,'CPOS 176'!$A$17:$AC$10838,3,0)) -> Forma em madeira comum para fundação | E75: =IF($B75="","",VLOOKUP($C75,'CPOS 176'!$A$1:$AC$10838,4,0)) -> m² | F75: =34.17*2 -> 68.34 | G75: =IF($B75="","",VLOOKUP($C75,'CPOS 176'!$A$17:$AC$10840,7,0)) -> 59.86 | H75: =ROUND(F75*G75,2) -> 4090.83 | I75: Paredes 34,17 m² x 2
A76: 6.2.6 | B76: CPOS | C76: 10.01.040 | D76: =IF($B76="","",VLOOKUP($C76,'CPOS 176'!$A$17:$AC$10838,3,0)) -> Armadura em barra de aço CA-50 (A ou B) fyk = 500 MPa | E76: =IF($B76="","",VLOOKUP($C76,'CPOS 176'!$A$1:$AC$10838,4,0)) -> kg | F76: =F77*9 -> 251.244 | G76: =IF($B76="","",VLOOKUP($C76,'CPOS 176'!$A$17:$AC$10840,7,0)) -> 6.56 | H76: =ROUND(F76*G76,2) -> 1648.16
A77: 6.2.7 | B77: CPOS | C77: 11.01.100 | D77: =IF($B77="","",VLOOKUP($C77,'CPOS 176'!$A$17:$AC$10838,3,0)) -> Concreto usinado, fck = 20 MPa | E77: =IF($B77="","",VLOOKUP($C77,'CPOS 176'!$A$1:$AC$10838,4,0)) -> m³ | F77: =6.83*2+27.87*2*0.2+25.9*0.3*0.2*2 -> 27.916 | G77: =IF($B77="","",VLOOKUP($C77,'CPOS 176'!$A$17:$AC$10840,7,0)) -> 268.64 | H77: =ROUND(F77*G77,2) -> 7499.35 | I77: Paredes 6,83 m³ x 2 + Piso 27,87 x 2,00 x 0,20 m³ + 25,90 x 0,30 x 0,20 x 2
A78: 6.2.8 | B78: CPOS | C78: 11.16.040 | D78: =IF($B78="","",VLOOKUP($C78,'CPOS 176'!$A$17:$AC$10838,3,0)) -> Lançamento e adensamento de concreto ou massa em fundação | E78: =IF($B78="","",VLOOKUP($C78,'CPOS 176'!$A$1:$AC$10838,4,0)) -> m³ | F78: =F77 -> 27.916 | G78: =IF($B78="","",VLOOKUP($C78,'CPOS 176'!$A$17:$AC$10840,7,0)) -> 113.84 | H78: =ROUND(F78*G78,2) -> 3177.96
A79: 6.3 | D79: ACABAMENTO MARGEM LAGOA | E79: =IF($B79="","",VLOOKUP($C79,'CPOS 176'!$A$1:$AC$10838,4,0)) | G79: =IF($B79="","",VLOOKUP($C79,'CPOS 176'!$A$17:$AC$10840,7,0))
A80: 6.3.1 | B80: CPOS | C80: 08.10.108 | D80: =IF($B80="","",VLOOKUP($C80,'CPOS 176'!$A$17:$AC$10838,3,0)) -> Gabião tipo caixa em tela metálica, altura de 0,5 m, com revestimento liga zinco/alumínio, malha hexagonal 8/10 cm, fio diâmetro 2,7 mm, independente do formato ou utilização | E80: =IF($B80="","",VLOOKUP($C80,'CPOS 176'!$A$1:$AC$10838,4,0)) -> m³ | F80: =192.93*0.5 -> 96.465 | G80: =IF($B80="","",VLOOKUP($C80,'CPOS 176'!$A$17:$AC$10840,7,0)) -> 550.54 | H80: =ROUND(F80*G80,2) -> 53107.84 | I80: perimetro do tanque =192,93*0,5
A81: 6.3.2 | B81: CPOS | C81: 34.02.100 | D81: =IF($B81="","",VLOOKUP($C81,'CPOS 176'!$A$17:$AC$10838,3,0)) -> Plantio de grama esmeralda em placas (jardins e canteiros) | E81: =IF($B81="","",VLOOKUP($C81,'CPOS 176'!$A$1:$AC$10838,4,0)) -> m² | F81: =(2381.5-1770.7)*1.3 -> 794.04 | G81: =IF($B81="","",VLOOKUP($C81,'CPOS 176'!$A$17:$AC$10840,7,0)) -> 8.85 | H81: =ROUND(F81*G81,2) -> 7027.25 | I81: (Área na cota 839,50 - área na cota 838,50) x 1,41 inclinação de talude
A82: 6.4 | D82: MONGE | E82: =IF($B82="","",VLOOKUP($C82,'CPOS 176'!$A$1:$AC$10838,4,0)) | G82: =IF($B82="","",VLOOKUP($C82,'CPOS 176'!$A$17:$AC$10840,7,0))
A83: 6.4.1 | B83: CPOS | C83: 12.01.040 | D83: =IF($B83="","",VLOOKUP($C83,'CPOS 176'!$A$17:$AC$10838,3,0)) -> Broca em concreto armado diâmetro de 25 cm - completa | E83: =IF($B83="","",VLOOKUP($C83,'CPOS 176'!$A$1:$AC$10838,4,0)) -> m | F83: =F50 -> 12 | G83: =IF($B83="","",VLOOKUP($C83,'CPOS 176'!$A$17:$AC$10840,7,0)) -> 51.58 | H83: =ROUND(F83*G83,2) -> 618.96 | I83: =I50 -> 6 brocas x 2,00 m
A84: 6.4.2 | B84: CPOS | C84: 09.01.020 | D84: =IF($B84="","",VLOOKUP($C84,'CPOS 176'!$A$17:$AC$10838,3,0)) -> Forma em madeira comum para fundação | E84: =IF($B84="","",VLOOKUP($C84,'CPOS 176'!$A$1:$AC$10838,4,0)) -> m² | F84: =F51 -> 21.58 | G84: =IF($B84="","",VLOOKUP($C84,'CPOS 176'!$A$17:$AC$10840,7,0)) -> 59.86 | H84: =ROUND(F84*G84,2) -> 1291.78 | I84: =I51 -> Laje 0,90 m² + muro 20,68 m²
A85: 6.4.3 | B85: CPOS | C85: 10.01.040 | D85: =IF($B85="","",VLOOKUP($C85,'CPOS 176'!$A$17:$AC$10838,3,0)) -> Armadura em barra de aço CA-50 (A ou B) fyk = 500 MPa | E85: =IF($B85="","",VLOOKUP($C85,'CPOS 176'!$A$1:$AC$10838,4,0)) -> kg | F85: =F52 -> 233.6 | G85: =IF($B85="","",VLOOKUP($C85,'CPOS 176'!$A$17:$AC$10840,7,0)) -> 6.56 | H85: =ROUND(F85*G85,2) -> 1532.42 | I85: =I52 -> 80 kg/m³
A86: 6.4.4 | B86: CPOS | C86: 11.01.160 | D86: =IF($B86="","",VLOOKUP($C86,'CPOS 176'!$A$17:$AC$10838,3,0)) -> Concreto usinado, fck = 30 MPa | E86: =IF($B86="","",VLOOKUP($C86,'CPOS 176'!$A$1:$AC$10838,4,0)) -> m³ | F86: =F53 -> 2.3 | G86: =IF($B86="","",VLOOKUP($C86,'CPOS 176'!$A$17:$AC$10840,7,0)) -> 290.36 | H86: =ROUND(F86*G86,2) -> 667.83 | I86: =I53 -> Laje 0,40 m³ + muro 1,90 m³
A87: 6.4.5 | B87: CPOS | C87: 11.16.040 | D87: =IF($B87="","",VLOOKUP($C87,'CPOS 176'!$A$17:$AC$10838,3,0)) -> Lançamento e adensamento de concreto ou massa em fundação | E87: =IF($B87="","",VLOOKUP($C87,'CPOS 176'!$A$1:$AC$10838,4,0)) -> m³ | F87: =F54 -> 2.3 | G87: =IF($B87="","",VLOOKUP($C87,'CPOS 176'!$A$17:$AC$10840,7,0)) -> 113.84 | H87: =ROUND(F87*G87,2) -> 261.83 | I87: =I54 -> Laje 0,40 m³ + muro 1,90 m³
A88: 6.4.6 | B88: CPOS | C88: 22.01.210 | D88: =IF($B88="","",VLOOKUP($C88,'CPOS 176'!$A$17:$AC$10838,3,0)) -> Testeira em tábua aparelhada, largura até 20 cm | E88: =IF($B88="","",VLOOKUP($C88,'CPOS 176'!$A$1:$AC$10838,4,0)) -> m | F88: =F55 -> 12.42 | G88: =IF($B88="","",VLOOKUP($C88,'CPOS 176'!$A$17:$AC$10840,7,0)) -> 21.84 | H88: =ROUND(F88*G88,2) -> 271.25 | I88: =I55 -> 18 pranchas x 0,69 m
A89: 6.4.7 | B89: CPOS | C89: 42.05.542 | D89: =IF($B89="","",VLOOKUP($C89,'CPOS 176'!$A$17:$AC$10838,3,0)) -> Tela equipotencial em aço inoxidável, largura de 200 mm, espessura de 1,4 mm | E89: =IF($B89="","",VLOOKUP($C89,'CPOS 176'!$A$1:$AC$10838,4,0)) -> m | F89: =F56 -> 0.69 | G89: =IF($B89="","",VLOOKUP($C89,'CPOS 176'!$A$17:$AC$10840,7,0)) -> 53.58 | H89: =ROUND(F89*G89,2) -> 36.97 | I89: =I56 -> 0,69 m
A90: 6.4.8 | B90: CPOS | C90: 46.12.060 | D90: =IF($B90="","",VLOOKUP($C90,'CPOS 176'!$A$17:$AC$10838,3,0)) -> Tubo de concreto (PS-2), DN= 400mm | E90: =IF($B90="","",VLOOKUP($C90,'CPOS 176'!$A$1:$AC$10838,4,0)) -> m | F90: =37.5+0.28 -> 37.78 | G90: =IF($B90="","",VLOOKUP($C90,'CPOS 176'!$A$17:$AC$10840,7,0)) -> 72.66 | H90: =ROUND(F90*G90,2) -> 2745.09 | I90: projeto
A91: 7 | D91: PAVIMENTAÇÃO ENTORNO DA SEGUNDA LAGOA | H91: =SUBTOTAL(9,H92:H97) -> 113871.7
A92: 7.1 | B92: CPOS | C92: 02.10.060 | D92: =IF($B92="","",VLOOKUP($C92,'CPOS 176'!$A$17:$AC$10838,3,0)) -> Locação de vias, calçadas, tanques e lagoas | E92: =IF($B92="","",VLOOKUP($C92,'CPOS 176'!$A$1:$AC$10838,4,0)) -> m² | F92: =278.2*3.5+266.2 -> 1239.9 | G92: =IF($B92="","",VLOOKUP($C92,'CPOS 176'!$A$17:$AC$10840,7,0)) -> 1.08 | H92: =ROUND(F92*G92,2) -> 1339.09 | I92: 278,20 m x 3,50 m + 266,20 m² (passeio com largura de 1,30 m com área irregular)
A93: 7.2 | B93: CPOS | C93: 02.09.040 | D93: =IF($B93="","",VLOOKUP($C93,'CPOS 176'!$A$17:$AC$10838,3,0)) -> Limpeza mecanizada do terreno, inclusive troncos até 15 cm de diâmetro, com caminhão à disposição dentro e fora da obra, com transporte no raio de até 1 km | E93: =IF($B93="","",VLOOKUP($C93,'CPOS 176'!$A$1:$AC$10838,4,0)) -> m² | F93: =F92 -> 1239.9 | G93: =IF($B93="","",VLOOKUP($C93,'CPOS 176'!$A$17:$AC$10840,7,0)) -> 2.26 | H93: =ROUND(F93*G93,2) -> 2802.17 | I93: =I92 -> 278,20 m x 3,50 m + 266,20 m² (passeio com largura de 1,30 m com área irregular)
A94: 7.3 | B94: CPOS | C94: 54.01.010 | D94: =IF($B94="","",VLOOKUP($C94,'CPOS 176'!$A$17:$AC$10838,3,0)) -> Regularização e compactação mecanizada de superfície, sem controle do proctor normal | E94: =IF($B94="","",VLOOKUP($C94,'CPOS 176'!$A$1:$AC$10838,4,0)) -> m² | F94: =F93 -> 1239.9 | G94: =IF($B94="","",VLOOKUP($C94,'CPOS 176'!$A$17:$AC$10840,7,0)) -> 1.96 | H94: =ROUND(F94*G94,2) -> 2430.2 | I94: =I92 -> 278,20 m x 3,50 m + 266,20 m² (passeio com largura de 1,30 m com área irregular)
A95: 7.4 | B95: CPOS | C95: 54.04.340 | D95: =IF($B95="","",VLOOKUP($C95,'CPOS 176'!$A$17:$AC$10838,3,0)) -> Pavimentação em lajota de concreto 35 MPa, espessura 6 cm, cor natural, tipos: raquete, retangular, sextavado e 16 faces, com rejunte em areia | E95: =IF($B95="","",VLOOKUP($C95,'CPOS 176'!$A$1:$AC$10838,4,0)) -> m² | F95: =F92 -> 1239.9 | G95: =IF($B95="","",VLOOKUP($C95,'CPOS 176'!$A$17:$AC$10840,7,0)) -> 54.15 | H95: =ROUND(F95*G95,2) -> 67140.59 | I95: =I92 -> 278,20 m x 3,50 m + 266,20 m² (passeio com largura de 1,30 m com área irregular)
A96: 7.5 | B96: CPOS | C96: 54.06.040 | D96: =IF($B96="","",VLOOKUP($C96,'CPOS 176'!$A$17:$AC$10838,3,0)) -> Guia pré-moldada reta tipo PMSP 100 - fck 25 MPa | E96: =IF($B96="","",VLOOKUP($C96,'CPOS 176'!$A$1:$AC$10838,4,0)) -> m | F96: 1042 | G96: =IF($B96="","",VLOOKUP($C96,'CPOS 176'!$A$17:$AC$10840,7,0)) -> 37.01 | H96: =ROUND(F96*G96,2) -> 38564.42 | I96: mensurado em projeto cad
A97: 7.6 | B97: CPOS | C97: 46.12.100 | D97: =IF($B97="","",VLOOKUP($C97,'CPOS 176'!$A$17:$AC$10838,3,0)) -> Tubo de concreto (PA-1), DN= 800mm | E97: =IF($B97="","",VLOOKUP($C97,'CPOS 176'!$A$1:$AC$10838,4,0)) -> m | F97: 7 | G97: =IF($B97="","",VLOOKUP($C97,'CPOS 176'!$A$17:$AC$10840,7,0)) -> 227.89 | H97: =ROUND(F97*G97,2) -> 1595.23
A98: 8 | D98: INSTALAÇÕES ELÉTRICAS | H98: =SUBTOTAL(9,H99:H194) -> 460623.79
A99: 8.1 | D99: REDE DE DISTRIBUIÇÃO
A100: 8.1.1 | B100: CPOS | C100: 01.06.021 | D100: =IF($B100="","",VLOOKUP($C100,'CPOS 176'!$A$17:$AC$10838,3,0)) -> Elaboração de projeto de adequação de entrada de energia elétrica junto a concessionária, com medição em baixa tensão e demanda até 75 KVA | E100: =IF($B100="","",VLOOKUP($C100,'CPOS 176'!$A$1:$AC$10838,4,0)) -> un | F100: 1 | G100: =IF($B100="","",VLOOKUP($C100,'CPOS 176'!$A$17:$AC$10840,7,0)) -> 4864.24 | H100: =ROUND(F100*G100,2) -> 4864.24 | I100: projeto
...

Sheet COMPOSIÇÕES
A1: PLANILHA DE MEDIÇÃO
B3: PREFEITURA DO MUNICÍPIO DE AMPARO
B4: Estância Hidromineral
B5: Objeto: Parque Municipal de Amparo - 4ª Amparo
B6: =[1]PLANILHA!A6 -> Endereço:
B7: =[1]PLANILHA!A7 -> DATA DA ELABORAÇÃO 2018
B8: FONTE: CPOS 176
A9: QUADRO DE MEDIÇÕES ACUMULADO (ANEXO 28)
B10: QUADRO MEDIÇÕES ACUMULADO
B11: PREFEITURA DO MUNICÍPIO DE AMPARO
B12: Objeto: Revitalização da Praça Pádua Salles
B13: Endereço: Av. Bernardino de Campos
B14: PROCESSO: 466/2014
B15: CONVÊNIO: 246/2014
B16: DATA DA ELABORAÇÃO: set/2015
B17: FONTE: CPOS Boletim n.º 163
B18: Item | C18: Fonte dos Serviços | D18: Código dos Serviços | E18: Composição unitária | F18: unid | G18: Qde. | H18: Pr. Unit. | I18: Pr. Total | J18: (%) | K18: Valor(R$) | L18: (%) | M18: Valor(R$) | N18: (%) | O18: Total (R$) | P18: Qde. | Q18: Pr. Unit. | R18: Pr. Final | S18: (%) | T18: Valor(R$) | U18: (%) | V18: Valor(R$) | W18: (%) | X18: Total (R$) | Y18: Qde. | Z18: Pr. Unit. | AA18: Pr. Final | AB18: (%) | AC18: Valor(R$) | AD18: (%) | AE18: Valor(R$) | AF18: (%) | AG18: Total (R$) | AH18: Qde. | AI18: Pr. Unit. | AJ18: Pr. Final | AK18: (%) | AL18: Valor(R$) | AM18: (%) | AN18: Valor(R$) | AO18: (%) | AP18: Total (R$) | AQ18: Qde. | AR18: Pr. Unit. | AS18: Pr. Final | AT18: (%) | AU18: Valor(R$) | AV18: (%) | AW18: Valor(R$) | AX18: (%) | AY18: Total (R$) | AZ18: Qde. | BA18: Pr. Unit. | BB18: Pr. Final | BC18: (%) | BD18: Valor(R$) | BE18: (%) | BF18: Valor(R$) | BG18: (%) | BH18: Total (R$) | BI18: Qde. | BJ18: Pr. Unit. | BK18: Pr. Final | BL18: (%) | BM18: Valor(R$) | BN18: (%) | BO18: Valor(R$) | BP18: (%) | BQ18: Total (R$) | BR18: Qde. | BS18: Pr. Unit. | BT18: Pr. Final | BU18: (%) | BV18: Valor(R$) | BW18: (%) | BX18: Valor(R$) | BY18: (%) | BZ18: Total (R$) | CA18: Qde. | CB18: Pr. Unit. | CC18: Pr. Final | CD18: (%) | CE18: Valor(R$) | CF18: (%) | CG18: Valor(R$) | CH18: (%) | CI18: Total (R$) | CJ18: Qde. | CK18: Pr. Unit. | CL18: Pr. Final | CM18: (%) | CN18: Valor(R$) | CO18: (%) | CP18: Valor(R$) | CQ18: (%) | CR18: Total (R$) | CS18: Qde. | CT18: Pr. Unit. | CU18: Pr. Final | CV18: (%) | CW18: Valor(R$) | CX18: (%) | CY18: Valor(R$) | CZ18: (%) | DA18: Total (R$) | DB18: Qde. | DC18: Pr. Unit. | DD18: Pr. Final | DE18: (%) | DF18: Valor(R$) | DG18: (%) | DH18: Valor(R$) | DI18: (%) | DJ18: Total (R$) | DK18: Qde. | DL18: Pr. Unit. | DM18: Pr. Final | DN18: Qde. | DO18: Preço | DQ18: % | DR18: SALDO
E19: Caixa de inspeção em alvenaria 40x40x40cm em bloco de concreto com tampa
B20: 1.1 | C20: CPOS | D20: 06.01.020 | E20: =IF($C20="","",VLOOKUP($D20,'CPOS 176'!$A$11:$G$4422,3,0)) -> Escavação manual em solo de 1ª e 2ª categoria em campo aberto | F20: =IF($C20="","",VLOOKUP($D20,'CPOS 176'!$A$11:$G$4422,4,0)) -> m³ | G20: 0.144 | H20: =IF($C20="","",VLOOKUP($D20,'CPOS 176'!$A$11:$G$4422,7,0)) -> 33.75 | I20: =ROUND(G20*H20,2) -> 4.86
B21: 1.2 | C21: CPOS | D21: 14.01.060 | E21: =IF($C21="","",VLOOKUP($D21,'CPOS 176'!$A$11:$G$4422,3,0)) -> Alvenaria de embasamento em bloco de concreto de 19 x 19 x 39 cm - classe A | F21: =IF($C21="","",VLOOKUP($D21,'CPOS 176'!$A$11:$G$4422,4,0)) -> m² | G21: 0.64 | H21: =IF($C21="","",VLOOKUP($D21,'CPOS 176'!$A$11:$G$4422,7,0)) -> 71.86 | I21: =ROUND(G21*H21,2) -> 45.99
B22: 1.3 | C22: CPOS | D22: 11.04.020 | E22: =IF($C22="","",VLOOKUP($D22,'CPOS 176'!$A$11:$G$4422,3,0)) -> Concreto não estrutural executado no local, mínimo 150 kg cimento / m³ | F22: =IF($C22="","",VLOOKUP($D22,'CPOS 176'!$A$11:$G$4422,4,0)) -> m³ | G22: 0.018 | H22: =IF($C22="","",VLOOKUP($D22,'CPOS 176'!$A$11:$G$4422,7,0)) -> 221.45 | I22: =ROUND(G22*H22,2) -> 3.99
B23: 1.4 | C23: CPOS | D23: 06.11.040 | E23: =IF($C23="","",VLOOKUP($D23,'CPOS 176'!$A$11:$G$4422,3,0)) -> Reaterro manual apiloado sem controle de compactação | F23: =IF($C23="","",VLOOKUP($D23,'CPOS 176'!$A$11:$G$4422,4,0)) -> m³ | G23: 0.08 | H23: =IF($C23="","",VLOOKUP($D23,'CPOS 176'!$A$11:$G$4422,7,0)) -> 12.59 | I23: =ROUND(G23*H23,2) -> 1.01
B24: 1.5 | C24: CPOS | D24: 17.02.140 | E24: =IF($C24="","",VLOOKUP($D24,'CPOS 176'!$A$11:$G$4422,3,0)) -> Emboço desempenado com espuma de poliéster | F24: =IF($C24="","",VLOOKUP($D24,'CPOS 176'!$A$11:$G$4422,4,0)) -> m² | G24: 0.64 | H24: =IF($C24="","",VLOOKUP($D24,'CPOS 176'!$A$11:$G$4422,7,0)) -> 17.62 | I24: =ROUND(G24*H24,2) -> 11.28
B25: 1.6 | C25: CPOS | D25: 09.01.030 | E25: =IF($C25="","",VLOOKUP($D25,'CPOS 176'!$A$11:$G$4422,3,0)) -> Forma em madeira comum para estrutura | F25: =IF($C25="","",VLOOKUP($D25,'CPOS 176'!$A$11:$G$4422,4,0)) -> m² | G25: 0.032 | H25: =IF($C25="","",VLOOKUP($D25,'CPOS 176'!$A$11:$G$4422,7,0)) -> 128.82 | I25: =ROUND(G25*H25,2) -> 4.12
B26: 1.7 | C26: CPOS | D26: 11.03.090 | E26: =IF($C26="","",VLOOKUP($D26,'CPOS 176'!$A$11:$G$4422,3,0)) -> Concreto preparado no local, fck = 20 MPa | F26: =IF($C26="","",VLOOKUP($D26,'CPOS 176'!$A$11:$G$4422,4,0)) -> m³ | G26: 0.016 | H26: =IF($C26="","",VLOOKUP($D26,'CPOS 176'!$A$11:$G$4422,7,0)) -> 316.23 | I26: =ROUND(G26*H26,2) -> 5.06
B27: 1.8 | C27: CPOS | D27: 11.16.060 | E27: =IF($C27="","",VLOOKUP($D27,'CPOS 176'!$A$11:$G$4422,3,0)) -> Lançamento e adensamento de concreto ou massa em estrutura | F27: =IF($C27="","",VLOOKUP($D27,'CPOS 176'!$A$11:$G$4422,4,0)) -> m³ | G27: 0.016 | H27: =IF($C27="","",VLOOKUP($D27,'CPOS 176'!$A$11:$G$4422,7,0)) -> 78.64 | I27: =ROUND(G27*H27,2) -> 1.26
E28: Total | I28: =SUM(I20:I27) -> 77.57
E30: Caixa de inspeção em alvenaria 30x30x30cm em bloco de concreto com tampa | F30: =IF($C30="","",VLOOKUP($D30,#REF!,12,0)) | DQ30: =L30+U30+AD30+AM30+AV30+BE30+BN30+BW30+CF30+CO30+CX30+DG30 -> 0 | DR30: =DO30-#REF! -> #REF!
B31: 2.1 | C31: CPOS | D31: 06.01.020 | E31: =IF($C31="","",VLOOKUP($D31,'CPOS 176'!$A$11:$G$4422,3,0)) -> Escavação manual em solo de 1ª e 2ª categoria em campo aberto | F31: =IF($C31="","",VLOOKUP($D31,'CPOS 176'!$A$11:$G$4422,4,0)) -> m³ | G31: 0.144 | H31: =IF($C31="","",VLOOKUP($D31,'CPOS 176'!$A$11:$G$4422,7,0)) -> 33.75 | I31: =ROUND(G31*H31,2) -> 4.86
B32: 2.2 | C32: CPOS | D32: 14.01.060 | E32: =IF($C32="","",VLOOKUP($D32,'CPOS 176'!$A$11:$G$4422,3,0)) -> Alvenaria de embasamento em bloco de concreto de 19 x 19 x 39 cm - classe A | F32: =IF($C32="","",VLOOKUP($D32,'CPOS 176'!$A$11:$G$4422,4,0)) -> m² | G32: 0.36 | H32: =IF($C32="","",VLOOKUP($D32,'CPOS 176'!$A$11:$G$4422,7,0)) -> 71.86 | I32: =ROUND(G32*H32,2) -> 25.87
B33: 2.3 | C33: CPOS | D33: 11.04.020 | E33: =IF($C33="","",VLOOKUP($D33,'CPOS 176'!$A$11:$G$4422,3,0)) -> Concreto não estrutural executado no local, mínimo 150 kg cimento / m³ | F33: =IF($C33="","",VLOOKUP($D33,'CPOS 176'!$A$11:$G$4422,4,0)) -> m³ | G33: 0.018 | H33: =IF($C33="","",VLOOKUP($D33,'CPOS 176'!$A$11:$G$4422,7,0)) -> 221.45 | I33: =ROUND(G33*H33,2) -> 3.99
B34: 2.4 | C34: CPOS | D34: 06.11.040 | E34: =IF($C34="","",VLOOKUP($D34,'CPOS 176'!$A$11:$G$4422,3,0)) -> Reaterro manual apiloado sem controle de compactação | F34: =IF($C34="","",VLOOKUP($D34,'CPOS 176'!$A$11:$G$4422,4,0)) -> m³ | G34: 0.117 | H34: =IF($C34="","",VLOOKUP($D34,'CPOS 176'!$A$11:$G$4422,7,0)) -> 12.59 | I34: =ROUND(G34*H34,2) -> 1.47
B35: 2.5 | C35: CPOS | D35: 17.02.140 | E35: =IF($C35="","",VLOOKUP($D35,'CPOS 176'!$A$11:$G$4422,3,0)) -> Emboço desempenado com espuma de poliéster | F35: =IF($C35="","",VLOOKUP($D35,'CPOS 176'!$A$11:$G$4422,4,0)) -> m² | G35: 0.36 | H35: =IF($C35="","",VLOOKUP($D35,'CPOS 176'!$A$11:$G$4422,7,0)) -> 17.62 | I35: =ROUND(G35*H35,2) -> 6.34
B36: 2.6 | C36: CPOS | D36: 09.01.030 | E36: =IF($C36="","",VLOOKUP($D36,'CPOS 176'!$A$11:$G$4422,3,0)) -> Forma em madeira comum para estrutura | F36: =IF($C36="","",VLOOKUP($D36,'CPOS 176'!$A$11:$G$4422,4,0)) -> m² | G36: 0.018 | H36: =IF($C36="","",VLOOKUP($D36,'CPOS 176'!$A$11:$G$4422,7,0)) -> 128.82 | I36: =ROUND(G36*H36,2) -> 2.32
B37: 2.7 | C37: CPOS | D37: 11.03.090 | E37: =IF($C37="","",VLOOKUP($D37,'CPOS 176'!$A$11:$G$4422,3,0)) -> Concreto preparado no local, fck = 20 MPa | F37: =IF($C37="","",VLOOKUP($D37,'CPOS 176'!$A$11:$G$4422,4,0)) -> m³ | G37: 0.009 | H37: =IF($C37="","",VLOOKUP($D37,'CPOS 176'!$A$11:$G$4422,7,0)) -> 316.23 | I37: =ROUND(G37*H37,2) -> 2.85
B38: 2.8 | C38: CPOS | D38: 11.16.060 | E38: =IF($C38="","",VLOOKUP($D38,'CPOS 176'!$A$11:$G$4422,3,0)) -> Lançamento e adensamento de concreto ou massa em estrutura | F38: =IF($C38="","",VLOOKUP($D38,'CPOS 176'!$A$11:$G$4422,4,0)) -> m³ | G38: 0.009 | H38: =IF($C38="","",VLOOKUP($D38,'CPOS 176'!$A$11:$G$4422,7,0)) -> 78.64 | I38: =ROUND(G38*H38,2) -> 0.71
E39: Total | I39: =SUM(I31:I38) -> 48.41 | J39: RRT 1289465
J40: Prefeitura do Município de Amparo
A41: PLANILHA DE MEDIIÇÃO
E42: Padrão de Entrada de Energia - Categoria C3 CPFL | F42: =IF($C42="","",VLOOKUP($D42,#REF!,12,0)) | AQ42: __________________________
B43: 3.1 | C43: CPOS | D43: 68.01.620 | E43: =IF($C43="","",VLOOKUP($D43,'CPOS 176'!$A$11:$G$4422,3,0)) -> Poste de concreto circular, 200 kg, H = 9,00 m | F43: =IF($C43="","",VLOOKUP($D43,'CPOS 176'!$A$11:$G$4422,4,0)) -> un | G43: 1 | H43: =IF($C43="","",VLOOKUP($D43,'CPOS 176'!$A$11:$G$4422,7,0)) -> 1021.01 | I43: =ROUND(G43*H43,2) -> 1021.01 | AQ43: Arqtª Renata Rossi Tavella | AZ43: Arqtª Renata Rossi Tavella
B44: 3.2 | C44: CPOS | D44: 68.02.100 | E44: =IF($C44="","",VLOOKUP($D44,'CPOS 176'!$A$11:$G$4422,3,0)) -> Armação secundária tipo 1C - 2R | F44: =IF($C44="","",VLOOKUP($D44,'CPOS 176'!$A$11:$G$4422,4,0)) -> un | G44: 1 | H44: =IF($C44="","",VLOOKUP($D44,'CPOS 176'!$A$11:$G$4422,7,0)) -> 161.91 | I44: =ROUND(G44*H44,2) -> 161.91 | AQ44: CAU: A51567-0 | AZ44: CAU: A51576-0
B45: 3.3 | C45: CPOS | D45: 38.01.080 | E45: =IF($C45="","",VLOOKUP($D45,'CPOS 176'!$A$11:$G$4422,3,0)) -> Eletroduto de PVC rígido roscável de 1 1/4´ - com acessórios | F45: =IF($C45="","",VLOOKUP($D45,'CPOS 176'!$A$11:$G$4422,4,0)) -> m | G45: 6 | H45: =IF($C45="","",VLOOKUP($D45,'CPOS 176'!$A$11:$G$4422,7,0)) -> 30.7 | I45: =ROUND(G45*H45,2) -> 184.2 | AQ45: RRT: 1289465 | AZ45: RRT: 2915766 e 2915503
B46: 3.4 | C46: CPOS | D46: 39.21.080 | E46: =IF($C46="","",VLOOKUP($D46,'CPOS 176'!$A$11:$G$4422,3,0)) -> Cabo de cobre flexível de 35 mm², isolamento 0,6/1kV - isolação HEPR 90°C | F46: =IF($C46="","",VLOOKUP($D46,'CPOS 176'!$A$11:$G$4422,4,0)) -> m | G46: 32 | H46: =IF($C46="","",VLOOKUP($D46,'CPOS 176'!$A$11:$G$4422,7,0)) -> 18.96 | I46: =ROUND(G46*H46,2) -> 606.72 | AQ46: Prefeitura do Município de Amparo | AZ46: Prefeitura do Municípo de Amparo
B47: 3.5 | C47: CPOS | D47: 37.13.660 | E47: =IF($C47="","",VLOOKUP($D47,'CPOS 176'!$A$11:$G$4422,3,0)) -> Disjuntor termomagnético, tripolar 220/380 V, corrente de 60 A até 100 A | F47: =IF($C47="","",VLOOKUP($D47,'CPOS 176'!$A$11:$G$4422,4,0)) -> un | G47: 1 | H47: =IF($C47="","",VLOOKUP($D47,'CPOS 176'!$A$11:$G$4422,7,0)) -> 139.32 | I47: =ROUND(G47*H47,2) -> 139.32
B48: 3.6 | C48: CPOS | D48: 37.24.032 | E48: =IF($C48="","",VLOOKUP($D48,'CPOS 176'!$A$11:$G$4422,3,0)) -> Supressor de surto monofásico, Fase-Terra, In > ou = 20 kA, Imax. de surto de 50 até 80 Ka | F48: =IF($C48="","",VLOOKUP($D48,'CPOS 176'!$A$11:$G$4422,4,0)) -> un | G48: 3 | H48: =IF($C48="","",VLOOKUP($D48,'CPOS 176'!$A$11:$G$4422,7,0)) -> 139.58 | I48: =ROUND(G48*H48,2) -> 418.74
B49: 3.7 | C49: CPOS | D49: 42.05.200 | E49: =IF($C49="","",VLOOKUP($D49,'CPOS 176'!$A$11:$G$4422,3,0)) -> Haste de aterramento de 5/8'' x 2,4 m | F49: =IF($C49="","",VLOOKUP($D49,'CPOS 176'!$A$11:$G$4422,4,0)) -> un | G49: 1 | H49: =IF($C49="","",VLOOKUP($D49,'CPOS 176'!$A$11:$G$4422,7,0)) -> 87.62 | I49: =ROUND(G49*H49,2) -> 87.62
B50: 3.8 | C50: CPOS | D50: 36.03.020 | E50: =IF($C50="","",VLOOKUP($D50,'CPOS 176'!$A$11:$G$4422,3,0)) -> Caixa de medição polifásica (500 x 600 x 200) mm, padrão concessionárias | F50: =IF($C50="","",VLOOKUP($D50,'CPOS 176'!$A$11:$G$4422,4,0)) -> un | G50: 1 | H50: =IF($C50="","",VLOOKUP($D50,'CPOS 176'!$A$11:$G$4422,7,0)) -> 275.61 | I50: =ROUND(G50*H50,2) -> 275.61
B51: 3.9 | C51: CPOS | D51: 39.04.050 | E51: =IF($C51="","",VLOOKUP($D51,'CPOS 176'!$A$11:$G$4422,3,0)) -> Cabo de cobre nu, têmpera mole, classe 2, de 16 mm² | F51: =IF($C51="","",VLOOKUP($D51,'CPOS 176'!$A$11:$G$4422,4,0)) -> m | G51: 2.5 | H51: =IF($C51="","",VLOOKUP($D51,'CPOS 176'!$A$11:$G$4422,7,0)) -> 8.99 | I51: =ROUND(G51*H51,2) -> 22.48
B52: 3.10 | C52: CPOS | D52: 39.09.040 | E52: =IF($C52="","",VLOOKUP($D52,'CPOS 176'!$A$11:$G$4422,3,0)) -> Conector split-bolt para cabo de 35 mm², latão, simples | F52: =IF($C52="","",VLOOKUP($D52,'CPOS 176'!$A$11:$G$4422,4,0)) -> un | G52: 1 | H52: =IF($C52="","",VLOOKUP($D52,'CPOS 176'!$A$11:$G$4422,7,0)) -> 10.89 | I52: =ROUND(G52*H52,2) -> 10.89
B53: 3.11 | C53: CPOS | D53: 39.10.130 | E53: =IF($C53="","",VLOOKUP($D53,'CPOS 176'!$A$11:$G$4422,3,0)) -> Terminal de pressão/compressão para cabo de 35 mm² | F53: =IF($C53="","",VLOOKUP($D53,'CPOS 176'!$A$11:$G$4422,4,0)) -> un | G53: 1 | H53: =IF($C53="","",VLOOKUP($D53,'CPOS 176'!$A$11:$G$4422,7,0)) -> 10.23 | I53: =ROUND(G53*H53,2) -> 10.23
E54: Total | I54: =SUM(I43:I53) -> 2938.73
E57: Padrão de Entrada de Energia - Categoria B1 CPFL | F57: =IF($C57="","",VLOOKUP($D57,#REF!,12,0))
B58: 4.1 | C58: CPOS | D58: 68.01.620 | E58: =IF($C58="","",VLOOKUP($D58,'CPOS 176'!$A$11:$G$4422,3,0)) -> Poste de concreto circular, 200 kg, H = 9,00 m | F58: =IF($C58="","",VLOOKUP($D58,'CPOS 176'!$A$11:$G$4422,4,0)) -> un | G58: 1 | H58: =IF($C58="","",VLOOKUP($D58,'CPOS 176'!$A$11:$G$4422,7,0)) -> 1021.01 | I58: =ROUND(G58*H58,2) -> 1021.01
B59: 4.2 | C59: CPOS | D59: 68.02.100 | E59: =IF($C59="","",VLOOKUP($D59,'CPOS 176'!$A$11:$G$4422,3,0)) -> Armação secundária tipo 1C - 2R | F59: =IF($C59="","",VLOOKUP($D59,'CPOS 176'!$A$11:$G$4422,4,0)) -> un | G59: 1 | H59: =IF($C59="","",VLOOKUP($D59,'CPOS 176'!$A$11:$G$4422,7,0)) -> 161.91 | I59: =ROUND(G59*H59,2) -> 161.91
B60: 4.3 | C60: CPOS | D60: 38.01.080 | E60: =IF($C60="","",VLOOKUP($D60,'CPOS 176'!$A$11:$G$4422,3,0)) -> Eletroduto de PVC rígido roscável de 1 1/4´ - com acessórios | F60: =IF($C60="","",VLOOKUP($D60,'CPOS 176'!$A$11:$G$4422,4,0)) -> m | G60: 6 | H60: =IF($C60="","",VLOOKUP($D60,'CPOS 176'!$A$11:$G$4422,7,0)) -> 30.7 | I60: =ROUND(G60*H60,2) -> 184.2
B61: 4.4 | C61: CPOS | D61: 39.21.060 | E61: =IF($C61="","",VLOOKUP($D61,'CPOS 176'!$A$11:$G$4422,3,0)) -> Cabo de cobre flexível de 16 mm², isolamento 0,6/1kV - isolação HEPR 90°C | F61: =IF($C61="","",VLOOKUP($D61,'CPOS 176'!$A$11:$G$4422,4,0)) -> m | G61: 24 | H61: =IF($C61="","",VLOOKUP($D61,'CPOS 176'!$A$11:$G$4422,7,0)) -> 9.5 | I61: =ROUND(G61*H61,2) -> 228
B62: 4.5 | C62: CPOS | D62: 37.13.640 | E62: =IF($C62="","",VLOOKUP($D62,'CPOS 176'!$A$11:$G$4422,3,0)) -> Disjuntor termomagnético, bipolar 220/380 V, corrente de 60 A até 100 A | F62: =IF($C62="","",VLOOKUP($D62,'CPOS 176'!$A$11:$G$4422,4,0)) -> un | G62: 1 | H62: =IF($C62="","",VLOOKUP($D62,'CPOS 176'!$A$11:$G$4422,7,0)) -> 122.75 | I62: =ROUND(G62*H62,2) -> 122.75
B63: 4.6 | C63: CPOS | D63: 37.24.032 | E63: =IF($C63="","",VLOOKUP($D63,'CPOS 176'!$A$11:$G$4422,3,0)) -> Supressor de surto monofásico, Fase-Terra, In > ou = 20 kA, Imax. de surto de 50 até 80 Ka | F63: =IF($C63="","",VLOOKUP($D63,'CPOS 176'!$A$11:$G$4422,4,0)) -> un | G63: 2 | H63: =IF($C63="","",VLOOKUP($D63,'CPOS 176'!$A$11:$G$4422,7,0)) -> 139.58 | I63: =ROUND(G63*H63,2) -> 279.16
B64: 4.7 | C64: CPOS | D64: 42.05.200 | E64: =IF($C64="","",VLOOKUP($D64,'CPOS 176'!$A$11:$G$4422,3,0)) -> Haste de aterramento de 5/8'' x 2,4 m | F64: =IF($C64="","",VLOOKUP($D64,'CPOS 176'!$A$11:$G$4422,4,0)) -> un | G64: 1 | H64: =IF($C64="","",VLOOKUP($D64,'CPOS 176'!$A$11:$G$4422,7,0)) -> 87.62 | I64: =ROUND(G64*H64,2) -> 87.62
B65: 4.8 | C65: CPOS | D65: 36.03.020 | E65: =IF($C65="","",VLOOKUP($D65,'CPOS 176'!$A$11:$G$4422,3,0)) -> Caixa de medição polifásica (500 x 600 x 200) mm, padrão concessionárias | F65: =IF($C65="","",VLOOKUP($D65,'CPOS 176'!$A$11:$G$4422,4,0)) -> un | G65: 1 | H65: =IF($C65="","",VLOOKUP($D65,'CPOS 176'!$A$11:$G$4422,7,0)) -> 275.61 | I65: =ROUND(G65*H65,2) -> 275.61
B66: 4.9 | C66: CPOS | D66: 39.04.050 | E66: =IF($C66="","",VLOOKUP($D66,'CPOS 176'!$A$11:$G$4422,3,0)) -> Cabo de cobre nu, têmpera mole, classe 2, de 16 mm² | F66: =IF($C66="","",VLOOKUP($D66,'CPOS 176'!$A$11:$G$4422,4,0)) -> m | G66: 2.5 | H66: =IF($C66="","",VLOOKUP($D66,'CPOS 176'!$A$11:$G$4422,7,0)) -> 8.99 | I66: =ROUND(G66*H66,2) -> 22.48
B67: 4.10 | C67: CPOS | D67: 39.09.020 | E67: =IF($C67="","",VLOOKUP($D67,'CPOS 176'!$A$11:$G$4422,3,0)) -> Conector split-bolt para cabo de 25 mm², latão, simples | F67: =IF($C67="","",VLOOKUP($D67,'CPOS 176'!$A$11:$G$4422,4,0)) -> un | G67: 1 | H67: =IF($C67="","",VLOOKUP($D67,'CPOS 176'!$A$11:$G$4422,7,0)) -> 8.92 | I67: =ROUND(G67*H67,2) -> 8.92
B68: 4.11 | C68: CPOS | D68: 39.10.080 | E68: =IF($C68="","",VLOOKUP($D68,'CPOS 176'!$A$11:$G$4422,3,0)) -> Terminal de pressão/compressão para cabo de 16 mm² | F68: =IF($C68="","",VLOOKUP($D68,'CPOS 176'!$A$11:$G$4422,4,0)) -> un | G68: 1 | H68: =IF($C68="","",VLOOKUP($D68,'CPOS 176'!$A$11:$G$4422,7,0)) -> 9.94 | I68: =ROUND(G68*H68,2) -> 9.94
E69: Total | I69: =SUM(I58:I68) -> 2401.6
E72: Quadro de distribuição | F72: =IF($C72="","",VLOOKUP($D72,#REF!,12,0))
B73: 5.1 | C73: CPOS | D73: 06.02.020 | E73: =IF($C73="","",VLOOKUP($D73,'CPOS 176'!$A$11:$G$4422,3,0)) -> Escavação manual em solo de 1ª e 2ª categoria em vala ou cava até 1,5 m | F73: =IF($C73="","",VLOOKUP($D73,'CPOS 176'!$A$11:$G$4422,4,0)) -> m³ | G73: 0.11 | H73: =IF($C73="","",VLOOKUP($D73,'CPOS 176'!$A$11:$G$4422,7,0)) -> 40.5 | I73: =ROUND(G73*H73,2) -> 4.46
B74: 5.2 | C74: CPOS | D74: 14.11.261 | E74: =IF($C74="","",VLOOKUP($D74,'CPOS 176'!$A$11:$G$4422,3,0)) -> Alvenaria de bloco de concreto estrutural 14 x 19 x 39 cm - classe A | F74: =IF($C74="","",VLOOKUP($D74,'CPOS 176'!$A$11:$G$4422,4,0)) -> m² | G74: 0.25 | H74: =IF($C74="","",VLOOKUP($D74,'CPOS 176'!$A$11:$G$4422,7,0)) -> 72.14 | I74: =ROUND(G74*H74,2) -> 18.04
B75: 5.3 | C75: CPOS | D75: 17.02.020 | E75: =IF($C75="","",VLOOKUP($D75,'CPOS 176'!$A$11:$G$4422,3,0)) -> Chapisco | F75: =IF($C75="","",VLOOKUP($D75,'CPOS 176'!$A$11:$G$4422,4,0)) -> m² | G75: 1.36 | H75: =IF($C75="","",VLOOKUP($D75,'CPOS 176'!$A$11:$G$4422,7,0)) -> 4.56 | I75: =ROUND(G75*H75,2) -> 6.2
B76: 5.4 | C76: CPOS | D76: 17.02.140 | E76: =IF($C76="","",VLOOKUP($D76,'CPOS 176'!$A$11:$G$4422,3,0)) -> Emboço desempenado com espuma de poliéster | F76: =IF($C76="","",VLOOKUP($D76,'CPOS 176'!$A$11:$G$4422,4,0)) -> m² | G76: 1.36 | H76: =IF($C76="","",VLOOKUP($D76,'CPOS 176'!$A$11:$G$4422,7,0)) -> 17.62 | I76: =ROUND(G76*H76,2) -> 23.96
B77: 5.5 | C77: CPOS | D77: 11.03.090 | E77: =IF($C77="","",VLOOKUP($D77,'CPOS 176'!$A$11:$G$4422,3,0)) -> Concreto preparado no local, fck = 20 MPa | F77: =IF($C77="","",VLOOKUP($D77,'CPOS 176'!$A$11:$G$4422,4,0)) -> m³ | G77: 0.13 | H77: =IF($C77="","",VLOOKUP($D77,'CPOS 176'!$A$11:$G$4422,7,0)) -> 316.23 | I77: =ROUND(G77*H77,2) -> 41.11
B78: 5.6 | C78: CPOS | D78: 10.01.040 | E78: =IF($C78="","",VLOOKUP($D78,'CPOS 176'!$A$11:$G$4422,3,0)) -> Armadura em barra de aço CA-50 (A ou B) fyk = 500 MPa | F78: =IF($C78="","",VLOOKUP($D78,'CPOS 176'!$A$11:$G$4422,4,0)) -> kg | G78: 0.98 | H78: =IF($C78="","",VLOOKUP($D78,'CPOS 176'!$A$11:$G$4422,7,0)) -> 6.56 | I78: =ROUND(G78*H78,2) -> 6.43
B79: 5.7 | C79: CPOS | D79: 11.16.060 | E79: =IF($C79="","",VLOOKUP($D79,'CPOS 176'!$A$11:$G$4422,3,0)) -> Lançamento e adensamento de concreto ou massa em estrutura | F79: =IF($C79="","",VLOOKUP($D79,'CPOS 176'!$A$11:$G$4422,4,0)) -> m³ | G79: 0.13 | H79: =IF($C79="","",VLOOKUP($D79,'CPOS 176'!$A$11:$G$4422,7,0)) -> 78.64 | I79: =ROUND(G79*H79,2) -> 10.22
B80: 5.8 | C80: CPOS | D80: 09.01.030 | E80: =IF($C80="","",VLOOKUP($D80,'CPOS 176'!$A$11:$G$4422,3,0)) -> Forma em madeira comum para estrutura | F80: =IF($C80="","",VLOOKUP($D80,'CPOS 176'!$A$11:$G$4422,4,0)) -> m² | G80: 0.42 | H80: =IF($C80="","",VLOOKUP($D80,'CPOS 176'!$A$11:$G$4422,7,0)) -> 128.82 | I80: =ROUND(G80*H80,2) -> 54.1
B81: 5.9 | C81: CPOS | D81: 33.10.050 | E81: =IF($C81="","",VLOOKUP($D81,'CPOS 176'!$A$11:$G$4422,3,0)) -> Tinta acrílica em massa, inclusive preparo | F81: =IF($C81="","",VLOOKUP($D81,'CPOS 176'!$A$11:$G$4422,4,0)) -> m² | G81: 1.36 | H81: =IF($C81="","",VLOOKUP($D81,'CPOS 176'!$A$11:$G$4422,7,0)) -> 19.43 | I81: =ROUND(G81*H81,2) -> 26.42
B82: 5.10 | C82: CPOS | D82: 16.33.022 | E82: =IF($C82="","",VLOOKUP($D82,'CPOS 176'!$A$11:$G$4422,3,0)) -> Calha, rufo, afins em chapa galvanizada nº 24 - corte 0,33 m | F82: =IF($C82="","",VLOOKUP($D82,'CPOS 176'!$A$11:$G$4422,4,0)) -> m | G82: 0.7 | H82: =IF($C82="","",VLOOKUP($D82,'CPOS 176'!$A$11:$G$4422,7,0)) -> 62.95 | I82: =ROUND(G82*H82,2) -> 44.07
B83: 5.11 | C83: CPOS | D83: 37.03.200 | E83: =IF($C83="","",VLOOKUP($D83,'CPOS 176'!$A$11:$G$4422,3,0)) -> Quadro de distribuição universal de embutir, para disjuntores 16 DIN / 12 Bolt-on - 150 A - sem componentes | F83: =IF($C83="","",VLOOKUP($D83,'CPOS 176'!$A$11:$G$4422,4,0)) -> un | G83: 1 | H83: =IF($C83="","",VLOOKUP($D83,'CPOS 176'!$A$11:$G$4422,7,0)) -> 382.79 | I83: =ROUND(G83*H83,2) -> 382.79
B84: 5.12 | C84: CPOS | D84: 42.05.200 | E84: =IF($C84="","",VLOOKUP($D84,'CPOS 176'!$A$11:$G$4422,3,0)) -> Haste de aterramento de 5/8'' x 2,4 m | F84: =IF($C84="","",VLOOKUP($D84,'CPOS 176'!$A$11:$G$4422,4,0)) -> un | G84: 1 | H84: =IF($C84="","",VLOOKUP($D84,'CPOS 176'!$A$11:$G$4422,7,0)) -> 87.62 | I84: =ROUND(G84*H84,2) -> 87.62
B85: 5.13 | C85: CPOS | D85: 38.13.016 | E85: =IF($C85="","",VLOOKUP($D85,'CPOS 176'!$A$11:$G$4422,3,0)) -> Eletroduto corrugado em polietileno de alta densidade, DN= 40 mm, com acessórios | F85: =IF($C85="","",VLOOKUP($D85,'CPOS 176'!$A$11:$G$4422,4,0)) -> m | G85: 3 | H85: =IF($C85="","",VLOOKUP($D85,'CPOS 176'!$A$11:$G$4422,7,0)) -> 8.89 | I85: =ROUND(G85*H85,2) -> 26.67
E86: Total | I86: =SUM(I73:I85) -> 732.09

Sheet BDI
B10: DEMONSTRATIVO DO BDI
B13: OBRA: 4ª Etapa Parque Municipal
B16: PREFEITURA MUNICIPAL DE AMPARO
B19: COMPONENTES DO BDI | D19: TAXA
B20: AC | C20: TAXA ADMINISTRAÇÃO CENTRAL | D20: 0.08
B21: DF | C21: TAXA DAS DESPESAS FINANCEIRAS | D21: 0.0159
B22: R | C22: TAXA DE RISCO / SEGURO / GARANTIA | D22: =0.21/100+1.97/100 -> 0.0218
B23: I | C23: TAXA DE TRIBUTOS | D23: 0.087
B24: L | C24: TAXA DE LUCRO | D24: 0.0453
B29: LDI = | C29: ((((1+AC/100)*(1+DF/100)*(1+R/100)*(1+L/100))/(1-(I/100)))-1)*100 = | D29: =((((1+$D$20/100)*(1+$D$21/100)*(1+$D$22/100)*(1+$D$24/100))/(1-($D$23/100)))-1)*100-0.0003 -> 0.25000473
